 Dungeon Crawl Stone Soup version 0.31-a0-1610-g9787180647 (webtiles) character file.

Game seed: 5425763471630318445

1777962 MackTheKnife the Conqueror (level 27, 206/228 HPs)
             Began as a Djinni Alchemist on Jan 8, 2024.
             Was an Initiate of Gozag.
             Escaped with the Orb
             ... and 3 runes
             ... and 1 gem (0 intact)!
             The game lasted 01:45:37 (65377 turns).

MackTheKnife the Conqueror (Djinni Alchemist)      Turns: 65377, Time: 01:45:38

Health: 206/228    AC:  3    Str:  9    XL:     27
Gold:   8775       EV: 37    Int: 37    God:    Gozag SH: 16 Dex: 28

rFire   + + +        C - +6 Majin-Bo {spellvamp, MP+6 Int+6}
rCold   . . .        Q - +3 warlock's mirror {omnireflect}
rNeg    + . .        P - melded +2 leather armour {Will+}
rPois   ∞            Z - +0 mask of the Dragon {Will+ Slay+3 SInv}
rElec   +            T - +1 cloak of Starlight {*Dazzle EV+4 Stlth--}
rCorr   .            O - +0 pair of fencer's gloves {Riposte Dex+3}
SInv    +            (boots unavailable)
Will    +++..        N - amulet "Ynaos" {Reflect rN+ SH+5}
Stlth   +            d - +6 ring of intelligence
HPRegen 0.58/turn    X - ring "Fajuf" {rF+ Int+4}
MPRegen 0.00/turn

%: reflection
@: maw-form, flying, studying Spellcasting
A: devouring maw, flying, sickness immunity, fire resistance 2, cold
vulnerability 1, float, innate caster, HP casting, extra vitality 1, beak,
mutation resistance 1, passive freeze, MP-powered wands
0: Orb of Zot
}: 3/15 runes: decaying, serpentine, silver
a: Begin Untransformation, Renounce Religion, Potion Petition, Call Merchant,
Bribe Branch


You escaped.
You worshipped Gozag.
Gozag was greatly pleased with you.
You were a creature with a mouth for a stomach.
You visited 9 branches of the dungeon, and saw 47 of its levels.
You also visited: Trove, Bailey, Gauntlet, Ice Cave and Wizlab.

You collected 29997 gold pieces.
You spent 6093 gold pieces at shops.
You paid 15129 gold pieces to Gozag.


Innate Abilities, Weirdness & Mutations

You are a creature with a mouth for a stomach.
Your midsection houses a second, enormous mouth.
You are flying.
You are immune to sickness and miasma.
You are immune to poison.
Your flesh is very heat resistant. (rF++)
You are vulnerable to cold. (rC-)
You float through the air rather than walking.
You learn spells naturally, not from books.
Your magical power is your life essence.
You have superior vitality. (+4 MHP)
You have a beak for a mouth.
You are somewhat resistant to further mutation.
A frigid envelope surrounds you and freezes all who hurt you.
You expend health (3 HP) to strengthen your wands.


   Skills:
 O Level 27 Fighting
 - Level 12.0 Staves
 - Level 20.0 Dodging
 - Level 1.5 Stealth
 - Level 8.0 Shields
 O Level 27 Spellcasting
 + Level 22.2 Conjurations
 + Level 22.2 Hexes
 + Level 22.2 Summonings
 + Level 22.2 Necromancy
 + Level 22.2 Translocations
 + Level 22.2 Fire Magic
 + Level 22.2 Ice Magic
 + Level 22.2 Air Magic
 + Level 22.2 Earth Magic
 + Level 22.2 Alchemy
 - Level 6.0 Evocations
 - Level 10.0 Shapeshifting


You knew the following spells:

 Your Spells              Type           Power      Damage    Failure   Level
a - Sting                 Conj/Alch      100%       1d9       0%          1
b - Mercury Vapours       Alch/Air       100%       N/A       0%          2
c - Mephitic Cloud        Conj/Alch/Air  100%       N/A       0%          3
d - Olgreb's Toxic Radia  Alch           100%       N/A       0%          4
e - Sticky Flame          Fire/Alch      100%       2d15      0%          4
f - Plasma Beam           Fire/Air       60%        2x1d76    0%          6
g - Momentum Strike       Conj/Tloc      100%       3d10      0%          2
h - Jinxbite              Hex            100%       N/A       0%          2
i - Call Canine Familiar  Summ           100%       N/A       0%          3
j - Alistair's Intoxicat  Alch           80%        N/A       0%          5
k - Lee's Rapid Deconstr  Erth           60%        3d28*     0%          5
l - Starburst             Conj/Fire      60%        6d16      0%          6
m - Death Channel         Necr           60%        N/A       0%          6
n - Necrotise             Necr           100%       1d9       0%          1
o - Enfeeble              Hex            60%        N/A       1%          7
p - Summon Hydra          Summ           60%        N/A       1%          7
q - Death's Door          Necr           60%        N/A       6%          9
r - Chain Lightning       Conj/Air       60%        3d80      6%          9
Your spell library was empty.

Inventory:

Hand Weapons
 C - the +6 Majin-Bo (weapon) {spellvamp, MP+6 Int+6}
   (You acquired it on level 7 of the Dungeon)

   Int+6:     It affects your intelligence (+6).
   MP+6:      It affects your magic capacity (+6).
Armour
 H - +0 pearl dragon scales {rare=g}
   (You took it off a deep elf high priest on level 5 of the Vaults)
 O - the +0 pair of fencer's gloves (worn) {Riposte Dex+3}
   (You bought it in a shop on level 11 of the Dungeon)

   Riposte:   It allows the wearer to riposte with melee weapons, swiftly
   retaliating against missed or blocked melee attacks.
   Dex+3:     It affects your dexterity (+3).
 P - a +2 leather armour of willpower (melded)
   (You bought it in a shop on level 11 of the Dungeon)
 Q - the +3 warlock's mirror (worn) {omnireflect}
   (You bought it in a shop on level 11 of the Dungeon)

   Omnireflect: It can block and reflect piercing ranged attacks and magical
   attacks against the wielder's willpower.
 T - the +1 cloak of Starlight (worn) {*Dazzle EV+4 Stlth--}
   (You bought it in a shop on level 2 of the Snake Pit)

   *Dazzle:   It may blind those who miss an attack against the wearer in melee
   combat.
   EV+4:      It affects your evasion (+4).
   Stlth--:   It makes you much less stealthy.
 W - the +4 Cigotuvi's embrace {Corpsefed rMiasma ^Drain rN+}
   (You found it in a wizard's laboratory)

   Corpsefed: It gathers nearby corpses to temporarily increase the armour it
   provides.
   rMiasma:   It protects you from foul pestilence.
   rN+:       It protects you from negative energy.
   ^Drain:    It drains your maximum health when unequipped.
 Z - the +0 mask of the Dragon (worn) {Will+ Slay+3 SInv}
   (You found it in a treasure trove)

   Slay+3:    It affects your accuracy & damage with ranged weapons and melee
   (+3).
   Will+:     It increases your willpower.
   SInv:      It lets you see invisible.
Magical Staves
 z - the staff "Cuasyom" {rElec rF- rC+++ Dex+3 SInv Air, staff}
   (You found it on level 5 of the Vaults)

   [staff of air]

   Base accuracy: +5 Base damage: 5 Base attack delay: 1.2 This weapon's minimum
   attack delay (0.6) is reached at skill level 12.
   Dex+3:     It affects your dexterity (+3).
   rF-:       It makes you vulnerable to fire.
   rC+++:     It renders you almost immune to cold.
   rElec:     It insulates you from electricity.
   SInv:      It lets you see invisible.
   Air:       It increases the power of your Air spells.
   It falls into the 'Staves' category.
   It is a one-handed weapon.
Jewellery
 d - a +6 ring of intelligence (left hand)
   (You found it on level 2 of the Dungeon)
 p - a ring of willpower
   (You found it on level 14 of the Dungeon)
 B - the ring "Julailok" {Ice Str+3 Int-4 Dex+2}
   (You bought it in a shop on level 2 of the Orcish Mines)

   [ring of ice]

   Ice:       It enhances your ice magic.
   Str+3:     It affects your strength (+3).
   Int-4:     It affects your intelligence (-4).
   Dex+2:     It affects your dexterity (+2).
   rF-:       It makes you vulnerable to fire.
   rC+:       It protects you from cold.
 N - the amulet "Ynaos" (around neck) {Reflect rN+ SH+5}
   (You found it on level 9 of the Dungeon)

   [amulet of reflection]

   Reflect:   It reflects blocked missile attacks.
   rN+:       It protects you from negative energy.
   SH+5:      It affects your SH (+5).
 X - the ring "Fajuf" (right hand) {rF+ Int+4}
   (You found it on level 2 of the Vaults)

   [ring of protection from fire]

   Int+4:     It affects your intelligence (+4).
   rF+:       It protects you from fire.
Talismans
 I - the maw talisman of Peek-a-Boo (active) {rElec rPois rC+ Int+3}
   (You took it off Rupert on level 1 of the Snake Pit)

   [maw talisman]

   Int+3:     It affects your intelligence (+3).
   rC+:       It protects you from cold.
   rElec:     It insulates you from electricity.
   rPois:     It protects you from poison
Wands
 a - a wand of quicksilver (14)
   (You took it off a naga mage on level 2 of the Snake Pit)
 j - a wand of mindburst (21)
   (You found it on level 5 of the Lair of Beasts)
 A - a wand of digging (23)
   (You found it on level 10 of the Dungeon)
 D - a wand of flame (75)
   (You found it on level 6 of the Dungeon)
 G - a wand of roots (45)
   (You found it on level 8 of the Dungeon)
 J - a wand of polymorph (21)
   (You took it off a naga on level 1 of the Snake Pit)
Scrolls
 f - 12 scrolls of immolation {!r!r}
 g - 19 scrolls of teleportation {@r4}
 k - 4 scrolls of enchant armour
 l - 11 scrolls of fear
 o - 4 scrolls of silence {!r}
 q - 3 scrolls of butterflies
 r - a scroll of torment {!r}
 s - 14 scrolls of poison
 y - 4 scrolls of blinking {!r}
 R - 16 scrolls of identify {@r1}
 S - 4 scrolls of vulnerability {!r!r}
 U - 5 scrolls of fog
Potions
 b - 7 potions of might
 c - 6 potions of invisibility
 e - 4 potions of berserk rage {!q}
 h - 19 potions of heal wounds {@q2}
 i - 4 potions of cancellation
 m - 12 potions of mutation {!q}
 n - 21 potions of curing {@q1}
 t - 5 potions of ambrosia
 u - 12 potions of enlightenment
 w - 8 potions of brilliance
 x - 4 potions of resistance
 E - 3 potions of haste {@q3}
Miscellaneous
 F - a tin of tremorstones (2/2) {throwing}
   (You found it in a Gauntlet)
 K - a phial of floods
   (You found it on level 10 of the Dungeon)
 L - a phantom mirror
   (You found it on level 10 of the Dungeon)
 M - a sack of spiders
   (You found it on level 9 of the Dungeon)

Dungeon Overview and Level Annotations

Branches:
Dungeon (15/15)            Temple (0/1) D:6            Lair (5/5) D:8
  Swamp (4/4) Lair:2        Snake (4/4) Lair:2        Slime (0/5) Lair:5
    Orc (2/2) D:11            Elf (3/3) Orc:2        Vaults (5/5) D:14
  Crypt (0/3) Vaults:3     Depths (4/4) D:15            Zot (5/5) Depths:4
 Bailey (visited)           IceCv (visited)          WizLab (visited)
Gauntlet (visited)

Altars:
Ashenzari
Cheibriados
Gozag
Nemelex Xobeh
Okawaru
Ru
Uskayaw
Wu Jian
Zin
The Shining One
Jiyva

Shops:
D:6 =[   D:7 (   D:9 *   D:11 ?[!   Orc:2 *:*:*   Elf:2 ?[   Lair:1 [!
Snake:2 ([   Snake:3 =:   Snake:4 !   Vaults:1 (   Vaults:3 *   Vaults:5 [
Depths:2 !

Portals:
Hell: Depths:1 Depths:2 Depths:3 Depths:4
Abyss: Depths:1 Depths:3
Pandemonium: Depths:2
Ziggurat: Depths:4

Annotations:
D:3 Grinder
D:6 2 transporters, Tenar's ghost, novice DsCA
D:7 4 transporters, Sapher's ghost, weakling SpDe
D:10 exclusions: door and laughing skull
Lair:1 2 transporters, exclusion: oklob plant, Raspi's ghost, journeyman TrSh
Snake:4 ???
Orc:2 3 runed translucent doors, LearnToWalk's ghost, journeyman TrFi; bmj180's ghost, journeyman HuCj; p0werm0de's ghost, journeyman MiFi; shadizar's ghost, journeyman DjFE
Elf:2 3 runed translucent doors
Vaults:2 2 runed translucent doors, Fauhuump's ghost, adept TeAE; Mennas

#.########...##.#.##~♣P~~♣♣P§~.♣~
.#............#.#.##~♣♣~~PPP~~P♣~
###.######......#.##~..~~♣P♣~~PP~
.#.## #.###.....#~♣.~~PP♣~~♣.~
#.## #.# #.....#~.♣~~P♣P~~♣♣~ ###
#.###.#####~♣P~~~~~~~♣P~
#.....#...#~P.~.....~♣P~
##.####...#~~~~.###.~~~~ #####
#.# #W..'.....#§#..... .†..# #.#
#...#~~~~.###.~~~~ ##..# #.#
#...#~.♣~.....~P.~ #..# #.#
######~PP~~~~~~~♣♣~ ##..## #.#
#....#~♣P~~♣.♣~~♣P~
...#.######.###.####~P♣~~♣P♣~~♣P~
##..............# #~P♣~~♣PP~~PP~
##..#####.....### #~♣P~~♣♣♣~~P♣~
†...# ##...## #~PP~~P♣P~~♣P~


There were no monsters in sight!


Message History

The bolt of lightning hits the chaos spawn!!
You kill the chaos spawn!
The chaos spawn degenerates into a cloud of primal chaos!
Something sneers, "Get thee gone, thou bawdy toot-wallowing reprobate!"
Saleanta comes into view. 😕 HP[-18]
You take 18 damage, and now have 200/228 hp.
Press: ? - help, v - describe, . - travel
Here: Saleanta The floor.
Unknown command.
Unknown command.
Blink to where?
Press: ? - help, Dir - move target
As you read the scroll of blinking {!r}, it crumbles to dust. 😕 HP[+1]
You feel yourself speed up. 😕 HP[+1] 😕 HP[+1] 😕 HP[+1] 😕 HP[+1] 😕 HP[+1] 😕 HP[+1] 😕 HP[+1]
A sun demon comes into view. 😕 HP[+1]
You block the sun demon's attack. 😕 HP[+1]
You hit the sun demon. Your peck misses the sun demon. You bite the sun demon.
You hit the sun demon but do no damage. Your peck misses the sun demon.
Your bite misses the sun demon. The sun demon completely misses you.
You thump the sun demon!
You peck the sun demon, but do no damage.
Your bite misses the sun demon. 😕 HP[+1]
You hit the sun demon but do no damage.
You peck the sun demon, but do no damage.
You bite the sun demon. The sun demon barely misses you.
Casting: Chain Lightning (dangerous; 6% risk of failure)
Confirm with . or Enter, or press ? or * to list all spells.
Lightning arcs from your hands!
The bolt of lightning hits the sun demon!!
The sun demon resists.
Your +3 warlock's mirror {omnireflect} blocks the bolt of lightning... and reflects it back!
The bolt of lightning hits the sun demon.
The sun demon resists.
The sun demon misses you. 😕 HP[-18]
You take 18 damage, and now have 193/228 hp.
You sock the sun demon!
You kill the sun demon!
You now have 8775 gold pieces (gained 5). 😕 HP[+1] 😕 HP[+1] 😕 HP[+2]
You regained 2 hp, and now have 197/228 hp.
Aiming: Dig
Press: ? - help, Shift-Dir - straight line A rock wall.
This square is covered in magical glow.
You feel a surge of power!
The rock shatters into small pieces. 😕 HP[-3]
You take 3 damage, and now have 194/228 hp. 😕 HP[+1]
There is a stone staircase leading up here. 😕 HP[+1]
You fly upwards.
Your extra speed is starting to run out.
There is a stone staircase leading down here. 😕 HP[+1]
What level of the Dungeon? (default 1, ? - help)
You feel yourself slow down.
There is a stone staircase leading up here.
You fly upwards.
There is a stone staircase leading down here. 😕 HP[+7]
You regained 7 hp, and now have 204/228 hp.
Unknown command.
Unknown command.
You're already here!
An Orb Guardian comes into view. 😕 HP[+1]
Aiming: Dig
Press: ? - help, Shift-Dir - straight line A rock wall.
This square is covered in magical glow.
You feel a surge of power!
The rock shatters into small pieces. 😕 HP[-2]
You take 2 damage, and now have 203/228 hp.
Blink to where?
Press: ? - help, Dir - move target
As you read the scroll of blinking {!r}, it crumbles to dust.
Blink to where?
Press: ? - help, Dir - move target
As you read the scroll of blinking {!r}, it crumbles to dust. 😕 HP[+1] 😕 HP[+1] Blink to where?
Press: ? - help, Dir - move target
As you read the scroll of blinking {!r}, it crumbles to dust.
You have escaped!

Skill      XL: |  1  2  3  4  5  6  7  8  9 10 11 12 13 14 15 16 17 18 19 20 21 22 23 24 25 26 27 |
---------------+----------------------------------------------------------------------------------+-----
Spellcasting   | 4 5 6 7 10 11 16 19 21 23 26 27 | 27.0
Conjurations   | 4 5 6 7 9 12 15 16 17 20 22 | 22.2
Hexes          | 4 5 6 7 9 12 15 16 17 20 22 | 22.2
Summonings     | 4 5 6 7 9 12 15 16 17 20 22 | 22.2
Necromancy     | 4 5 6 7 9 12 15 16 17 20 22 | 22.2
Translocations | 4 5 6 7 9 12 15 16 17 20 22 | 22.2
Fire Magic     | 4 5 6 7 9 12 15 16 17 20 22 | 22.2
Ice Magic      | 4 5 6 7 9 12 15 16 17 20 22 | 22.2
Air Magic      | 4 5 6 7 9 12 15 16 17 20 22 | 22.2
Earth Magic    | 4 5 6 7 9 12 15 16 17 20 22 | 22.2
Alchemy        | 4 5 6 7 9 12 15 16 17 20 22 | 22.2
Fighting       | 2 6 8 10 14 15 16 19 20 23 25 27 | 27.0
Shields        | 5 8 |  8.0
Dodging        | 4 8 10 12 17 20 | 20.0
Evocations     | 6 |  6.0
Staves         | 5 10 12 | 12.0
Shapeshifting  | 8 10 | 10.0
Stealth        | |  1.5

Action                     |  1- 3 |  4- 6 |  7- 9 | 10-12 | 13-15 | 16-18 | 19-21 | 22-24 | 25-27 || total
---------------------------+-------+-------+-------+-------+-------+-------+-------+-------+-------++-------
  Melee: Dagger            |       |    18 |       |       |       |       |       |       |       ||    18
         Hand axe          |       |    15 |    86 |       |       |       |       |       |       ||   101
         Bo                |       |       |     8 |   134 |   280 |   234 |    22 |     3 |    82 ||   763
         Maw               |       |       |       |       |       |       |    21 |    10 |    89 ||   120
         Peck              |       |       |       |       |       |       |       |       |     8 ||     8
   Fire: Sling             |    73 |       |       |       |       |       |       |       |       ||    73
   Cast: Sting             |    18 |    46 |     2 |       |       |       |       |       |       ||    66
         Mercury Vapours   |     2 |     2 |       |       |       |       |       |       |       ||     4
         Mephitic Cloud    |       |     1 |       |     7 |     4 |       |       |       |       ||    12
         Olgreb's Toxic Ra |       |     6 |    22 |    50 |    55 |    25 |       |       |       ||   158
         Sticky Flame      |       |     2 |    22 |    62 |    38 |    10 |     3 |       |       ||   137
         Momentum Strike   |       |       |     4 |     2 |       |       |       |       |       ||     6
         Call Canine Famil |       |       |     2 |     2 |     2 |       |       |       |       ||     6
         Necrotise         |       |       |     2 |       |       |       |       |       |       ||     2
         Alistair's Intoxi |       |       |       |     2 |     2 |    23 |       |       |       ||    27
         Lee's Rapid Decon |       |       |       |       |   145 |    92 |    37 |     9 |    10 ||   293
         Starburst         |       |       |       |       |    61 |   302 |    33 |       |    19 ||   415
         Death Channel     |       |       |       |       |       |     3 |       |       |       ||     3
         Plasma Beam       |       |       |       |       |       |       |   538 |   608 |   511 ||  1657
         Enfeeble          |       |       |       |       |       |       |     3 |     1 |     5 ||     9
         Summon Hydra      |       |       |       |       |       |       |       |       |     2 ||     2
         Chain Lightning   |       |       |       |       |       |       |       |       |    71 ||    71
 Invoke: Call Merchant     |       |       |     1 |     1 |     1 |     4 |     2 |       |     1 ||    10
         Potion Petition   |       |       |       |       |       |       |       |       |     1 ||     1
         Bribe Branch      |       |       |       |       |       |       |       |       |     1 ||     1
  Evoke: Wand              |       |       |       |    10 |       |       |     3 |       |     4 ||    17
         Sack of spiders   |       |       |       |       |     1 |     2 |       |       |       ||     3
         Phantom mirror    |       |       |       |       |       |     2 |     1 |       |       ||     3
         Phial of floods   |       |       |       |       |       |     1 |       |       |       ||     1
         Tin of tremorston |       |       |       |       |       |       |     2 |       |       ||     2
    Use: Scroll            |       |     4 |     7 |    11 |     9 |    12 |       |     2 |    15 ||    60
         Potion            |       |       |       |     1 |       |       |       |     6 |     5 ||    12
   Stab: Sleeping          |       |     2 |     5 |     1 |       |     1 |       |       |       ||     9
         Confused          |       |     1 |       |     2 |     1 |     2 |       |       |       ||     6
         Petrified         |       |       |       |     4 |       |       |       |       |       ||     4
         Distracted        |       |       |       |     1 |     5 |     9 |       |       |     3 ||    18
         Held in net/web   |       |       |       |       |       |     1 |       |       |       ||     1
         Invisible         |       |       |       |       |       |       |       |       |    13 ||    13
 Armour: Robe              |    15 |    16 |     7 |       |       |    19 |       |       |       ||    57
         Leather armour    |       |       |    59 |   121 |   153 |   171 |    31 |       |       ||   535
         Skin              |       |       |       |       |       |       |    50 |    37 |    92 ||   179
  Dodge: Dodged            |    27 |    30 |    69 |   137 |   173 |   241 |    93 |    75 |   238 ||  1083
  Block: Buckler           |       |       |    17 |    56 |   128 |   333 |   146 |    87 |   216 ||   983
         Reflection        |       |       |       |       |     3 |    54 |    28 |    32 |    79 ||   196
Riposte: Bo                |       |       |       |       |       |   114 |    38 |    21 |    85 ||   258
   Form: Maw               |       |       |       |       |       |       |     1 |     1 |       ||     2
                           |       |       |       |       |       |       |       |     1 |       ||     1

Levels and vault maps discovered:
D:1:      lightli_arrival_farm, layout_loops_corners, nicolae_figureground_pulse
D:2:      layout_basic, uniq_terence, uniq_jessica
D:3:      layout_loops_ring, nicolae_gozag_seed_capital,
          dreamdust_mushroom_princess, minmay_misc_feat_x, grunt_ministairs_7,
          uniq_grinder
D:4:      layout_loops_ring
D:5:      layout_basic, gammafunk_temple_overflow_elements, kennysheep_mini
D:6:      layout_loops_ring, minmay_temple_entry_butterflies,
          gammafunk_ghost_abyssal_escape, st_stairs_8
D:7:      layout_basic, amcnicky_altar_gilded, gammafunk_temple_overflow_arena,
          gammafunk_ghost_smash, serial_shops, shop
D:8:      layout_basic, hangedman_ru_absence, nicolae_uskayaw_dance_hall,
          david_lair_shrubbed, dk_noncrumbling_3, minivault_23
D:9:      layout_roguey, nicolae_overflow_hidden_temple,
          cheibrodos_ashenzari_chains, enter_bailey_3, serial_ice, serial_ice_a,
          serial_ice_k, serial_ice_e, serial_ice_m, minivault_12
D:10:     minmay_the_grid_triangle_9x9_recursive_2_mashed
          [minmay_the_grid_triangle_9x9_prize_center,
          minmay_the_grid_triangle_9x9_intruding_spiral,
          minmay_the_grid_triangle_9x9_semitri,
          minmay_the_grid_triangle_9x9_warning], layout_gridville,
          okawaru_gym_becter, enter_trove_6, skrybe_limestone_x,
          minmay_fractal_squares_gapless_5, uniq_urug, uniq_grum, uniq_psyche
D:11:     layout_big_octagon, kennysheep_orc_monster_closet_entryway,
          serial_shops, shop, serial_bayou, serial_bayou_lagoon_b,
          serial_bayou_pond_a, serial_bayou_pond_e, serial_bayou_pond_e
D:12:     layout_roguey, hangedman_abyss_or_decor_passed
D:13:     layout_grid_maze, nicolae_kite_square_tiling_tiny
D:14:     kennysheep_snake, layout_long_grid, lightli_vaults_fourway_checkpoint,
          serial_park_tiny_1, nicolae_underground_beach, uniq_lodul, uniq_nessos
D:15:     hangedman_depths_entry_civil_slaughter, layout_long_grid,
          chequers_serial_rivers_small_3, gauntlet_entry_generic
Lair:1:   layout_chaotic_city, nzn_ghost_randoct
Lair:2:   layout_big_grid, alex1729_swamp_entry_worm_eleionoma,
          minmay_snake_entry_six_corridors, minmay_lindwurm_lava
Lair:3:   layout_small_grid, portal_ice_cave_entry_ice_simulacra
Lair:4:   layout_loops_ring, uniq_kirke
Lair:5:   evilmike_catoblepas_cave, layout_gridlike, dpeg_slime_entry_corner,
          dpeg_stationary_puzzle, grunt_megastairs_4
Swamp:1:  layout_basic_swamp, nicolae_swamp_tree_isthmus, swamp_pool_1_2
Swamp:2:  layout_basic_swamp, evilmike_swamp_ruin_house_4, swamp_pool_1_2,
          grunt_lady_of_the_lake, infiniplex_staircase_pool
Swamp:3:  layout_basic_swamp, nicolae_swamp_triple_paths
Swamp:4:  swamp_old_school, layout_basic_swamp,
          nicolae_swamp_decorative_isthmus, uniq_mara
Snake:1:  nicolae_snake_attic_fulla_snakes, layout_basic,
          nicolae_snake_scaly_snakehead, serial_bayou_shore_a, uniq_nikola,
          uniq_donald, uniq_rupert
Snake:2:  layout_onion_interference, minmay_shoptagon, grunt_megastairs_2,
          uniq_vashnia, uniq_roxanne, uniq_azrael
Snake:3:  layout_onion_interference, drop_trap, minmay_shop_grove, uniq_aizul,
          uniq_saint_roka
Snake:4:  grunt_snake_rune_spirals, layout_onion_interference, serial_shops,
          shop
Orc:1:    layout_caves
Orc:2:    st_orc_mages, layout_caves, gammafunk_ghost_cemetery,
          nicolae_shop_overcharged_wands
Elf:1:    nicolae_elf_arrival_fired_up, layout_loops_ring,
          nicolae_elf_blasts_and_bolts, uniq_agnes
Elf:2:    nicolae_elf_blades_splatter_lattice
          [nicolae_blade_entry_diamond_columns], layout_geoelf_octagon,
          basic_altar, uniq_asterion
Elf:3:    minmay_elf_hall_statues, layout_geoelf_castle
Vaults:1: mu_enter_wizlab_5, hangedman_vaults_stream, vaults_mumra_lcd,
          hangedman_vaults_stagger, minmay_guarded_unrand_sword_of_power,
          v_misc_10, vaults_standard_mumra_enter_the_diamond,
          nicolae_vaults_closet_pinwheel_5, nicolae_vaults_hallways_thing,
          vaults_room_semicircle, v_misc_30, nicolae_vaults_diamond_1,
          nicolae_vaults_trapezoid_1, v_misc_16, layout_vaults_omnicross,
          serial_shops, nicolae_shop_behind_doors
Vaults:2: advil_vaults_ghost_guards, ontoclasm_vaults_tryst,
          nicolae_vaults_stepped_doors, ontoclasm_vaults_fault,
          vaults_mumra_hexcomb, ontoclasm_vaults_ring_square,
          nicolae_vaults_storage_closets_1, v_alt_pattern_5,
          nicolae_vaults_prndl, nicolae_vaults_variable_pillar_hall,
          vaults_dpeg_ring, layout_vaults_quadrants
Vaults:3: nicolae_vaults_trapezoid_lopsided_3, nicolae_vaults_network_barrier,
          grunt_vaults_swirl, v_misc_10, v_pattern_1, ontoclasm_vaults_gallery,
          vaults_dpeg_doors, nicolae_vaults_turnstiles,
          vaults_room_mumra_shop_pool, minmay_crypt_entry_simple_walls,
          nicolae_vaults_storage_closets_3, nicolae_vaults_hexular_roomagon,
          nicolae_vaults_house_3, nicolae_vaults_tetromino_Z_2,
          nicolae_vaults_little_squares_2, layout_vaults_maze, uniq_mennas
Vaults:4: v_rooms_6, nicolae_vaults_network_star, nicolae_vaults_an_arrangement,
          v_misc_2, dpeg_vaults_monster_row, nicolae_vaults_three_branches,
          vaults_room_boxed, nicolae_vaults_diamond_2, vaults_room_door_ring,
          ontoclasm_vaults_bender, nicolae_vaults_bisected_slash,
          vaults_room_door_ring, layout_vaults_ring
Vaults:5
Depths:1: layout_gridlike, pf_hell_entry_tar_river, abyss_entry_glasseish,
          kennysheep_cross_room, nzn_wu_jian_council_hall
Depths:2: grunt_bent_corner, layout_honeycomb, hangedman_abyss_or_decor_clamps,
          serial_shops, shop, grunt_pan_entry_spiral, hell_entry,
          nemelex_spade_bored_becter
Depths:3: kennysheep_scales, layout_gridville, abyss_entry_small_statue_room,
          minmay_misc_feat_four_crosses, hellmouth_3
Depths:4: evilmike_zot_entry_diamond, layout_cave_pools, enter_ziggurat_e,
          hellmouth_1, uniq_xtahua
Zot:1:    layout_gridlike, lemuel_flame_loot_1, grunt_megastairs_3
Zot:2:    layout_misc_corridors, zot_minivault_2
Zot:3:    layout_concentric_octagons, grunt_ministairs_8
Zot:4:    hellmonk_paralyzer, layout_cellular_growth
Zot:5:    layout_gridlike

Notes
Turn   | Place    | Note
-------+----------+-------------------------------------------
     0 | D:1      | MackTheKnife the Djinni Alchemist began the quest for the
                  | Orb.
     0 | D:1      | MackTheKnife set off with the following spells memorised:
                  | Sting, Mercury Vapours, Mephitic Cloud, Olgreb's Toxic
                  | Radiance, Sticky Flame.
     0 | D:1      | Reached XP level 1. HP: 15/15 MP: 0/0
     0 | D:1      | magus.rc [v1.9.6]
   253 | D:1      | Reached XP level 2. HP: 20/21 MP: 0/0
   325 | D:1      | Reached XP level 3. HP: 21/25 MP: 0/0
   325 | D:1      | Learned a level 1 spell: Necrotise
   678 | D:1      | Reached skill level 4 in Spellcasting
   678 | D:1      | Reached skill level 4 in Conjurations
   678 | D:1      | Reached skill level 4 in Hexes
   678 | D:1      | Reached skill level 4 in Summonings
   678 | D:1      | Reached skill level 4 in Necromancy
   678 | D:1      | Reached skill level 4 in Translocations
   678 | D:1      | Reached skill level 4 in Fire Magic
   678 | D:1      | Reached skill level 4 in Ice Magic
   678 | D:1      | Reached skill level 4 in Air Magic
   678 | D:1      | Reached skill level 4 in Earth Magic
   678 | D:1      | Reached skill level 4 in Alchemy
  1202 | D:2      | Noticed Terence
  1241 | D:2      | Reached XP level 4. HP: 31/31 MP: 0/0
  1356 | D:2      | Noticed Jessica
  1362 | D:2      | Killed Jessica
  2083 | D:3      | Reached XP level 5. HP: 31/35 MP: 0/0
  2083 | D:3      | Learned a level 2 spell: Momentum Strike
  2109 | D:3      | Noticed Grinder
  2257 | D:3      | Reached skill level 5 in Spellcasting
  2257 | D:3      | Reached skill level 5 in Conjurations
  2257 | D:3      | Reached skill level 5 in Hexes
  2257 | D:3      | Reached skill level 5 in Summonings
  2257 | D:3      | Reached skill level 5 in Necromancy
  2257 | D:3      | Reached skill level 5 in Translocations
  2257 | D:3      | Reached skill level 5 in Fire Magic
  2257 | D:3      | Reached skill level 5 in Ice Magic
  2257 | D:3      | Reached skill level 5 in Air Magic
  2257 | D:3      | Reached skill level 5 in Earth Magic
  2257 | D:3      | Reached skill level 5 in Alchemy
  2553 | D:3      | Reached XP level 6. HP: 38/40 MP: 0/0
  2792 | D:3      | Found an opulent altar of Gozag.
  2890 | D:3      | Became a worshipper of Gozag Ym Sagoz the Greedy
  3316 | D:2      | Killed Terence
  3728 | D:4      | Reached skill level 6 in Spellcasting
  3728 | D:4      | Reached skill level 6 in Conjurations
  3728 | D:4      | Reached skill level 6 in Hexes
  3728 | D:4      | Reached skill level 6 in Summonings
  3728 | D:4      | Reached skill level 6 in Necromancy
  3728 | D:4      | Reached skill level 6 in Translocations
  3728 | D:4      | Reached skill level 6 in Fire Magic
  3728 | D:4      | Reached skill level 6 in Ice Magic
  3728 | D:4      | Reached skill level 6 in Air Magic
  3728 | D:4      | Reached skill level 6 in Earth Magic
  3728 | D:4      | Reached skill level 6 in Alchemy
  3728 | D:4      | Reached XP level 7. HP: 39/45 MP: 0/0
  3728 | D:4      | Learned a level 2 spell: Jinxbite
  4342 | D:5      | Entered Level 5 of the Dungeon
  4360 | D:5      | Reached skill level 1 in Fighting
  4541 | D:5      | Reached skill level 2 in Fighting
  4541 | D:5      | Reached skill level 7 in Spellcasting
  4541 | D:5      | Reached skill level 7 in Conjurations
  4541 | D:5      | Reached skill level 7 in Hexes
  4541 | D:5      | Reached skill level 7 in Summonings
  4541 | D:5      | Reached skill level 7 in Necromancy
  4541 | D:5      | Reached skill level 7 in Translocations
  4541 | D:5      | Reached skill level 7 in Fire Magic
  4541 | D:5      | Reached skill level 7 in Ice Magic
  4541 | D:5      | Reached skill level 7 in Air Magic
  4541 | D:5      | Reached skill level 7 in Earth Magic
  4541 | D:5      | Reached skill level 7 in Alchemy
  4541 | D:5      | Reached XP level 8. HP: 22/55 MP: 0/0
  4720 | D:5      | Reached skill level 3 in Fighting
  4742 | D:5      | Reached skill level 4 in Fighting
  5176 | D:5      | Reached skill level 5 in Fighting
  5515 | D:5      | Found a glowing golden altar of the Shining One.
  5645 | D:5      | Reached skill level 6 in Fighting
  5787 | D:6      | Reached XP level 9. HP: 57/67 MP: 0/0
  5787 | D:6      | Learned a level 3 spell: Call Canine Familiar
  5850 | D:6      | Reached skill level 7 in Fighting
  5952 | D:6      | Bought a glowing buckler for 240 gold pieces
  5970 | D:6      | Found a staircase to the Ecumenical Temple.
  6047 | D:6      | Reached skill level 1 in Shields
  6071 | D:6      | Reached skill level 2 in Shields
  6135 | D:6      | Reached skill level 3 in Shields
  6261 | D:6      | Found a transporter.
  6263 | D:6      | Noticed a brown ugly thing
  6263 | D:6      | Noticed a purple ugly thing
  6265 | D:6      | Noticed Tenar's ghost (novice DsCA)
  6390 | D:6      | Found a transporter.
  6780 | D:7      | Reached skill level 4 in Shields
  6787 | D:7      | Reached skill level 5 in Shields
  6913 | D:7      | Found a glowing silver altar of Zin.
  7020 | D:7      | Identified a scroll of acquirement
  7027 | D:7      | Acquired the +6 Majin-Bo {spellvamp, MP+6 Int+6}
  7027 | D:7      | Found the +6 Majin-Bo {spellvamp, MP+6 Int+6}
  7038 | D:7      | Reached skill level 3 in Dodging
  7201 | D:7      | Noticed a boulder beetle
  7202 | D:7      | Found a transporter.
  7202 | D:7      | Found a snail-covered altar of Cheibriados.
  7202 | D:7      | Noticed a two-headed ogre
  7223 | D:7      | Found a transporter.
  7345 | D:7      | Found Dose's Weapon Boutique.
  7473 | D:7      | Found a transporter.
  7478 | D:7      | Found a transporter.
  7478 | D:7      | Noticed Sapher's ghost (weakling SpDe)
  7480 | D:7      | Identified the +5 great mace of Duty {pain, ^Contam rN++
                  | Will- Dex+9}
  7480 | D:7      | Identified the +4 dire flail of Lolaher {drain, rCorr Str+4
                  | Dex-5}
  7480 | D:7      | Noticed a two-headed ogre
  7618 | D:8      | Reached skill level 8 in Fighting
  7620 | D:8      | Reached skill level 4 in Dodging
  7696 | D:8      | Reached XP level 10. HP: 68/76 MP: 0/0
  7800 | D:8      | Found a hide-covered altar of Uskayaw.
  7950 | D:8      | Acquired a manual of Spellcasting
  7954 | D:8      | Reached skill level 5 in Dodging
  8001 | D:8      | You are sucked into a shaft and drop 1 floor!
  8075 | D:9      | Noticed a cyclops
  8076 | D:9      | Noticed a two-headed ogre
  8076 | D:9      | Noticed a deep elf pyromancer
  8077 | D:9      | Noticed a skeletal warrior
  8077 | D:9      | Noticed a deep elf pyromancer
  8077 | D:9      | Noticed a green ugly thing
  8077 | D:9      | Noticed a cyan ugly thing
  8078 | D:9      | Noticed a centaur warrior
  8161 | D:9      | Found a flagged portal.
  8171 | Bailey   | Entered a bailey
  8237 | Bailey   | Reached skill level 9 in Fighting
  8237 | Bailey   | Reached skill level 6 in Dodging
  8799 | D:9      | Found a broken altar of Ashenzari.
  8875 | D:9      | Reached skill level 7 in Dodging
  8946 | D:9      | Noticed a meliai
  9028 | D:9      | Noticed a rime drake
  9079 | D:9      | a rime drake changed into a yak
  9373 | D:9      | Reached skill level 10 in Fighting
  9846 | D:8      | Noticed a komodo dragon
  9848 | D:8      | Found a staircase to the Lair.
  9859 | D:8      | Reached skill level 8 in Dodging
  9860 | D:8      | Killed a komodo dragon
  9861 | D:8      | Reached XP level 11. HP: 72/85 MP: 0/0
  9861 | D:8      | Learned a level 5 spell: Alistair's Intoxication
 10094 | D:8      | Found a sacrificial altar of Ru.
 10321 | D:8      | Reached skill level 8 in Spellcasting
 10520 | D:6      | Bought a faintly humming leather armour for 224 gold pieces
 10520 | D:6      | Identified the +3 leather armour "Ciacolah" {Harm *Slow
                  | rPois Int+6} (You bought it in a shop on level 6 of the
                  | Dungeon)
 10735 | D:10     | Entered Level 10 of the Dungeon
 10808 | D:10     | Noticed Urug
 10826 | D:10     | Killed Urug
 10827 | D:10     | Reached skill level 9 in Spellcasting
 10827 | D:10     | Reached skill level 8 in Conjurations
 10827 | D:10     | Reached skill level 8 in Hexes
 10827 | D:10     | Reached skill level 8 in Summonings
 10827 | D:10     | Reached skill level 8 in Necromancy
 10827 | D:10     | Reached skill level 8 in Translocations
 10827 | D:10     | Reached skill level 8 in Fire Magic
 10827 | D:10     | Reached skill level 8 in Ice Magic
 10827 | D:10     | Reached skill level 8 in Air Magic
 10827 | D:10     | Reached skill level 8 in Earth Magic
 10827 | D:10     | Reached skill level 8 in Alchemy
 10988 | D:10     | HP: 1/74 [laughing skull/bolt of negative energy (23)]
 11375 | D:10     | Found an iron altar of Okawaru.
 11377 | D:10     | Noticed Psyche
 11383 | D:10     | Killed Psyche
 11384 | D:10     | Reached skill level 10 in Spellcasting
 11833 | D:10     | Noticed Grum
 11841 | D:10     | Killed Grum
 11842 | D:10     | Reached skill level 9 in Conjurations
 11842 | D:10     | Reached skill level 9 in Hexes
 11842 | D:10     | Reached skill level 9 in Summonings
 11842 | D:10     | Reached skill level 9 in Necromancy
 11842 | D:10     | Reached skill level 9 in Translocations
 11842 | D:10     | Reached skill level 9 in Fire Magic
 11842 | D:10     | Reached skill level 9 in Ice Magic
 11842 | D:10     | Reached skill level 9 in Air Magic
 11842 | D:10     | Reached skill level 9 in Earth Magic
 11842 | D:10     | Reached skill level 9 in Alchemy
 12248 | D:10     | Noticed a centaur warrior
 12248 | D:10     | Noticed an arcanist
 12279 | D:10     | Found a portal to a secret trove of treasure.
 12337 | D:10     | Noticed a two-headed ogre
 12341 | D:10     | Noticed a boulder beetle
 12342 | D:10     | Killed a two-headed ogre
 12343 | D:10     | Reached skill level 2 in Evocations
 12344 | D:10     | Noticed a tengu warrior
 12346 | D:10     | Noticed a deep elf pyromancer
 12347 | D:10     | Noticed a centaur warrior
 12349 | D:10     | Killed a boulder beetle
 12350 | D:10     | Reached skill level 3 in Evocations
 12355 | D:10     | Killed a tengu warrior
 12356 | D:10     | Reached skill level 4 in Evocations
 12359 | D:10     | Killed a deep elf pyromancer
 12359 | D:10     | Noticed a centaur warrior
 12360 | D:10     | Reached skill level 5 in Evocations
 12361 | D:10     | Killed a centaur warrior
 12362 | D:10     | Reached skill level 6 in Evocations
 12364 | D:10     | Killed a centaur warrior
 12365 | D:10     | Reached XP level 12. HP: 37/92 MP: 0/0
 12798 | D:10     | Killed an arcanist
 12799 | D:10     | Reached skill level 11 in Fighting
 12823 | D:10     | Killed a centaur warrior
 12930 | Lair:1   | Entered Level 1 of the Lair of Beasts
 12956 | Lair:1   | Noticed a catoblepas
 12965 | Lair:1   | Killed a catoblepas
 12966 | Lair:1   | Reached skill level 12 in Fighting
 13184 | Lair:1   | Noticed a five-headed hydra
 13190 | Lair:1   | Killed a five-headed hydra
 13342 | Lair:1   | Reached skill level 13 in Fighting
 13408 | Lair:1   | Noticed a seven-headed hydra
 13415 | Lair:1   | Found a transporter.
 13416 | Lair:1   | Noticed Raspi's ghost (journeyman TrSh)
 13631 | Lair:1   | Found a transporter.
 14207 | D:9      | Reached skill level 14 in Fighting
 14207 | D:9      | Reached XP level 13. HP: 95/105 MP: 0/0
 14207 | D:9      | Learned a level 5 spell: Lee's Rapid Deconstruction
 14265 | D:9      | Killed a centaur warrior
 14383 | D:9      | Identified the amulet "Ynaos" {Reflect rN+ SH+5}
 14452 | D:9      | Bought a white potion for 36 gold pieces
 14506 | Lair:2   | Reached skill level 15 in Fighting
 14542 | Lair:2   | Noticed an eight-headed hydra
 14550 | Lair:2   | Killed an eight-headed hydra
 14551 | Lair:2   | Reached skill level 1 in Staves
 14719 | Lair:2   | Reached skill level 2 in Staves
 14934 | Lair:2   | Noticed a four-headed hydra
 14975 | Lair:2   | Reached skill level 3 in Staves
 14983 | Lair:2   | Reached skill level 9 in Dodging
 14986 | Lair:2   | Killed a four-headed hydra
 15119 | Lair:2   | Reached skill level 4 in Staves
 15187 | Lair:2   | Identified the +4 morningstar of Hepliaklqana's Grace
                  | {flame, SInv}
 15190 | Lair:2   | Identified the staff of the Present {rPois Str+3 Earth
                  | Alchemy}
 15270 | Lair:2   | Found a staircase to the Snake Pit.
 15446 | Lair:2   | Found a staircase to the Swamp.
 15446 | Lair:2   | Noticed an eleionoma
 15460 | Lair:2   | Killed an eleionoma
 15461 | Lair:2   | Reached skill level 10 in Dodging
 15683 | Lair:2   | magus.rc [v1.9.6]
 15751 | Lair:3   | Reached skill level 5 in Staves
 15881 | Lair:3   | Reached XP level 14. HP: 114/114 MP: 0/0
 15909 | Lair:3   | Identified the +1 short sword of Subterfuge {elec, Stlth+}
 15959 | Lair:3   | Reached skill level 6 in Staves
 16138 | Lair:3   | Found a frozen archway.
 16202 | Lair:3   | Reached skill level 11 in Dodging
 16249 | IceCv    | Entered an ice cave
 16258 | IceCv    | Noticed a quicksilver ooze
 16261 | IceCv    | Killed a quicksilver ooze
 16262 | IceCv    | Noticed a quicksilver ooze
 16264 | IceCv    | Killed a quicksilver ooze
 16864 | IceCv    | Reached skill level 7 in Staves
 17012 | IceCv    | Reached skill level 12 in Dodging
 17062 | IceCv    | Noticed a quicksilver ooze
 17069 | IceCv    | Killed a quicksilver ooze
 17336 | IceCv    | Noticed an azure jelly
 17341 | IceCv    | Killed an azure jelly
 17342 | IceCv    | Reached skill level 8 in Staves
 17347 | IceCv    | Found a viscous altar of Jiyva.
 17371 | IceCv    | Got the +2 short sword "Lodyluoc" {freeze, Str+3, short}
 18059 | Lair:4   | Reached skill level 9 in Staves
 18469 | Lair:4   | Reached skill level 10 in Staves
 18495 | Lair:4   | Reached skill level 11 in Spellcasting
 18536 | Lair:4   | Reached XP level 15. HP: 120/120 MP: 0/0
 18536 | Lair:4   | Learned a level 6 spell: Starburst
 18676 | Lair:4   | Noticed Kirke
 18685 | Lair:4   | Killed Kirke
 18984 | Lair:5   | Entered Level 5 of the Lair of Beasts
 19125 | Lair:5   | Reached skill level 12 in Spellcasting
 19129 | Lair:5   | Reached skill level 10 in Conjurations
 19129 | Lair:5   | Reached skill level 10 in Hexes
 19129 | Lair:5   | Reached skill level 10 in Summonings
 19129 | Lair:5   | Reached skill level 10 in Necromancy
 19129 | Lair:5   | Reached skill level 10 in Translocations
 19129 | Lair:5   | Reached skill level 10 in Fire Magic
 19129 | Lair:5   | Reached skill level 10 in Ice Magic
 19129 | Lair:5   | Reached skill level 10 in Air Magic
 19129 | Lair:5   | Reached skill level 10 in Earth Magic
 19129 | Lair:5   | Reached skill level 10 in Alchemy
 19388 | Lair:5   | Reached skill level 13 in Spellcasting
 19476 | Lair:5   | Reached skill level 11 in Conjurations
 19476 | Lair:5   | Reached skill level 11 in Hexes
 19476 | Lair:5   | Reached skill level 11 in Summonings
 19476 | Lair:5   | Reached skill level 11 in Necromancy
 19476 | Lair:5   | Reached skill level 11 in Translocations
 19476 | Lair:5   | Reached skill level 11 in Fire Magic
 19476 | Lair:5   | Reached skill level 11 in Ice Magic
 19476 | Lair:5   | Reached skill level 11 in Air Magic
 19476 | Lair:5   | Reached skill level 11 in Earth Magic
 19476 | Lair:5   | Reached skill level 11 in Alchemy
 19831 | Lair:5   | Reached skill level 14 in Spellcasting
 19932 | Lair:5   | Reached skill level 15 in Spellcasting
 19943 | Lair:5   | Reached skill level 12 in Conjurations
 19943 | Lair:5   | Reached skill level 12 in Hexes
 19943 | Lair:5   | Reached skill level 12 in Summonings
 19943 | Lair:5   | Reached skill level 12 in Necromancy
 19943 | Lair:5   | Reached skill level 12 in Translocations
 19943 | Lair:5   | Reached skill level 12 in Fire Magic
 19943 | Lair:5   | Reached skill level 12 in Ice Magic
 19943 | Lair:5   | Reached skill level 12 in Air Magic
 19943 | Lair:5   | Reached skill level 12 in Earth Magic
 19943 | Lair:5   | Reached skill level 12 in Alchemy
 20204 | Lair:5   | Found a viscous altar of Jiyva.
 20261 | Lair:5   | Found a staircase to the Slime Pits.
 20657 | D:11     | Found Voot's Magic Scroll Shoppe.
 20665 | D:11     | Bought a scroll of teleportation for 45 gold pieces
 21305 | D:11     | Found a staircase to the Orcish Mines.
 21311 | D:11     | Reached skill level 16 in Spellcasting
 21313 | D:11     | Reached XP level 16. HP: 126/126 MP: 0/0
 21568 | Orc:1    | Entered Level 1 of the Orcish Mines
 21913 | Orc:2    | Entered Level 2 of the Orcish Mines
 21935 | Orc:2    | Reached skill level 13 in Conjurations
 21935 | Orc:2    | Reached skill level 13 in Hexes
 21935 | Orc:2    | Reached skill level 13 in Summonings
 21935 | Orc:2    | Reached skill level 13 in Necromancy
 21935 | Orc:2    | Reached skill level 13 in Translocations
 21935 | Orc:2    | Reached skill level 13 in Fire Magic
 21935 | Orc:2    | Reached skill level 13 in Ice Magic
 21935 | Orc:2    | Reached skill level 13 in Air Magic
 21935 | Orc:2    | Reached skill level 13 in Earth Magic
 21935 | Orc:2    | Reached skill level 13 in Alchemy
 21948 | Orc:2    | Found Xiasib's Book Boutique.
 21948 | Orc:2    | Found Moppavae's Assorted Antiques.
 21948 | Orc:2    | Found Bomackukk's Book Shop.
 21964 | Orc:2    | Found Disi's General Store.
 21967 | Orc:2    | Bought a potion of invisibility for 112 gold pieces
 21967 | Orc:2    | Bought a scroll of identify for 28 gold pieces
 21973 | Orc:2    | Bought an ancient carnelian ring for 160 gold pieces
 21973 | Orc:2    | Identified the ring "Julailok" {Ice Str+3 Int-4 Dex+2} (You
                  | bought it in a shop on level 2 of the Orcish Mines)
 21989 | Orc:2    | Reached skill level 17 in Spellcasting
 22483 | Orc:2    | Found a runed translucent gate.
 22500 | Orc:2    | Found a staircase to the Elven Halls.
 22533 | Orc:2    | Found Soneneot's Overcharged Wands.
 22737 | Orc:2    | Found a runed translucent gate.
 22737 | Orc:2    | Found a runed translucent gate.
 22737 | Orc:2    | Noticed p0werm0de's ghost (journeyman MiFi)
 22737 | Orc:2    | Noticed LearnToWalk's ghost (journeyman TrFi)
 22738 | Orc:2    | Noticed bmj180's ghost (journeyman HuCj)
 22738 | Orc:2    | Noticed shadizar's ghost (journeyman DjFE)
 22985 | D:11     | Bought a potion of heal wounds for 80 gold pieces
 22987 | D:11     | Bought the +0 pair of fencer's gloves {Riposte Dex+3} for
                  | 720 gold pieces
 22987 | D:11     | Found the +0 pair of fencer's gloves {Riposte Dex+3}
 22987 | D:11     | Bought a +2 leather armour of willpower for 342 gold pieces
 22987 | D:11     | Bought the +3 warlock's mirror {omnireflect} for 720 gold
                  | pieces
 22987 | D:11     | Found the +3 warlock's mirror {omnireflect}
 24395 | D:13     | Reached skill level 18 in Spellcasting
 24441 | D:13     | Reached skill level 14 in Conjurations
 24441 | D:13     | Reached skill level 14 in Hexes
 24441 | D:13     | Reached skill level 14 in Summonings
 24441 | D:13     | Reached skill level 14 in Necromancy
 24441 | D:13     | Reached skill level 14 in Translocations
 24441 | D:13     | Reached skill level 14 in Fire Magic
 24441 | D:13     | Reached skill level 14 in Ice Magic
 24441 | D:13     | Reached skill level 14 in Air Magic
 24441 | D:13     | Reached skill level 14 in Earth Magic
 24441 | D:13     | Reached skill level 14 in Alchemy
 25744 | D:14     | Found a gate to the Vaults.
 25757 | D:14     | Reached skill level 19 in Spellcasting
 26561 | D:14     | Reached skill level 15 in Conjurations
 26561 | D:14     | Reached skill level 15 in Hexes
 26561 | D:14     | Reached skill level 15 in Summonings
 26561 | D:14     | Reached skill level 15 in Necromancy
 26561 | D:14     | Reached skill level 15 in Translocations
 26561 | D:14     | Reached skill level 15 in Fire Magic
 26561 | D:14     | Reached skill level 15 in Ice Magic
 26561 | D:14     | Reached skill level 15 in Air Magic
 26561 | D:14     | Reached skill level 15 in Earth Magic
 26561 | D:14     | Reached skill level 15 in Alchemy
 26576 | D:14     | Reached XP level 17. HP: 131/131 MP: 0/0
 26576 | D:14     | Learned a level 6 spell: Death Channel
 26760 | D:14     | Noticed Nessos
 26760 | D:14     | Noticed a sphinx
 26765 | D:14     | Killed a sphinx
 26765 | D:14     | Killed Nessos
 26766 | D:14     | Reached skill level 6 in Shields
 26859 | D:14     | Identified the staff "Reot" {rN+ Conj Hexes}
 27170 | D:14     | Noticed Lodul
 27174 | D:14     | Killed Lodul
 27848 | D:15     | Entered Level 15 of the Dungeon
 27916 | D:15     | Reached skill level 7 in Shields
 27917 | D:15     | Found a gate leading to a gauntlet.
 27930 | Gauntlet | Entered a Gauntlet
 27930 | Gauntlet | Found a transporter.
 27955 | Gauntlet | Found a transporter.
 27957 | Gauntlet | Found a transporter.
 27968 | Gauntlet | Found a transporter.
 27971 | Gauntlet | Found a transporter.
 27978 | Gauntlet | Found a transporter.
 28003 | Gauntlet | Found a transporter.
 28025 | Gauntlet | Found a runed translucent door.
 28026 | Gauntlet | Found a transporter.
 28027 | Gauntlet | Found a runed translucent door.
 28036 | Gauntlet | Found a transporter.
 28058 | Gauntlet | Found a transporter.
 28072 | Gauntlet | Found a transporter.
 28073 | Gauntlet | Found a transporter.
 28126 | Gauntlet | Found a transporter.
 28140 | Gauntlet | Found a transporter.
 28225 | Gauntlet | Reached skill level 11 in Staves
 28537 | Gauntlet | Identified the ring "Ulajeuts" {Fire Int+5}
 28562 | Gauntlet | Identified the staff "Miusaet" {rF+ Str+4 Fire}
 28593 | Gauntlet | Identified the ring "Diunn" {rPois rF++ rN+ Will+ Int-5}
 28644 | D:15     | Found a staircase to the Depths.
 28826 | D:15     | Reached skill level 8 in Shields
 30044 | Lair:1   | Bought a potion of resistance for 190 gold pieces
 30044 | Lair:1   | Bought a potion of heal wounds for 95 gold pieces
 30044 | Lair:1   | Bought a potion of heal wounds for 95 gold pieces
 30044 | Lair:1   | Bought a potion of heal wounds for 95 gold pieces
 30136 | Lair:2   | magus.rc [v1.9.6]
 30138 | Snake:1  | Entered Level 1 of the Snake Pit
 30162 | Snake:1  | Reached skill level 12 in Staves
 30231 | Snake:1  | Noticed Nikola
 30241 | Snake:1  | Killed Nikola
 30334 | Snake:1  | Reached skill level 16 in Fighting
 30347 | Snake:1  | Reached XP level 18. HP: 33/139 MP: 0/0
 30600 | Snake:1  | Noticed Donald
 30612 | Snake:1  | Killed Donald
 30767 | Snake:1  | Identified the maw talisman of Peek-a-Boo {rElec rPois rC+
                  | Int+3}
 30767 | Snake:1  | Noticed Rupert
 30772 | Snake:1  | Killed Rupert
 31015 | Snake:1  | Reached skill level 1 in Shapeshifting
 31035 | Snake:1  | Reached skill level 2 in Shapeshifting
 31045 | Snake:1  | Reached skill level 3 in Shapeshifting
 31051 | Snake:1  | Reached skill level 4 in Shapeshifting
 31614 | Snake:1  | magus.rc [v1.9.6]
 31905 | Snake:2  | Reached skill level 5 in Shapeshifting
 31962 | Snake:2  | Identified the +4 flail of the Destroying Eel {chaos,
                  | Dex+3}
 32021 | Snake:2  | Noticed Roxanne
 32028 | Snake:2  | Killed Roxanne
 32446 | Snake:2  | Noticed Azrael
 32450 | Snake:2  | Killed Azrael
 32451 | Snake:2  | Reached skill level 6 in Shapeshifting
 33033 | Snake:2  | Reached skill level 7 in Shapeshifting
 33200 | Snake:2  | Noticed Vashnia
 33930 | Snake:2  | Killed Vashnia
 33931 | Snake:2  | Reached skill level 8 in Shapeshifting
 34183 | Snake:2  | Found Lissank's Antique Armour Shop.
 34183 | Snake:2  | Found Fempeno's Antique Weapon Boutique.
 34206 | Snake:2  | Bought the +1 cloak of Starlight {*Dazzle EV+4 Stlth--} for
                  | 1159 gold pieces
 34206 | Snake:2  | Found the +1 cloak of Starlight {*Dazzle EV+4 Stlth--}
 34232 | Snake:2  | You are sucked into a shaft and drop 1 floor!
 34257 | Snake:3  | Noticed Saint Roka
 34282 | Snake:3  | Killed Saint Roka
 34440 | Snake:3  | Identified the serpent talisman "Feneh" {rF+ Str+3 Dex+5
                  | Slay+3}
 34440 | Snake:3  | Noticed Aizul
 34450 | Snake:3  | Killed Aizul
 34451 | Snake:3  | Reached XP level 19. HP: 135/147 MP: 0/0
 34451 | Snake:3  | Learned a level 6 spell: Plasma Beam
 34495 | Snake:3  | Reached skill level 9 in Shapeshifting
 34858 | Snake:1  | Reached skill level 10 in Shapeshifting
 35555 | Snake:1  | Reached skill level 17 in Fighting
 35634 | Snake:1  | Identified the +5 ring mail of a sewer {Str+6}
 36596 | Snake:3  | Found Akhlubup's Book Shoppe.
 36596 | Snake:3  | Found Ofapoi's Jewellery Boutique.
 36597 | Snake:3  | Found Deusuj's Jewellery Boutique.
 36622 | Snake:4  | Entered Level 4 of the Snake Pit
 36860 | Snake:4  | Reached skill level 18 in Fighting
 37238 | Snake:4  | Reached skill level 19 in Fighting
 37238 | Snake:4  | Reached XP level 20. HP: 153/160 MP: 0/0
 37310 | Snake:4  | Got a serpentine rune of Zot
 37312 | Snake:4  | Got a jade gem with 0 turns to spare
 37443 | Snake:4  | Found Zoxzadel's Distillery.
 37451 | Snake:4  | Bought a potion of heal wounds for 65 gold pieces
 37808 | Snake:4  | magus.rc [v1.9.6]
 37808 | Snake:4  | magus.rc [v1.9.6]
 37966 | Swamp:1  | Entered Level 1 of the Swamp
 38364 | Swamp:1  | Reached skill level 20 in Fighting
 39037 | Swamp:2  | Reached skill level 20 in Spellcasting
 39326 | Swamp:2  | Found the +9 sword of Power {lifebolt}
 39860 | Swamp:3  | Noticed a tentacled monstrosity
 39868 | Swamp:3  | Killed a tentacled monstrosity
 40041 | Swamp:3  | Reached skill level 16 in Conjurations
 40041 | Swamp:3  | Reached skill level 16 in Hexes
 40041 | Swamp:3  | Reached skill level 16 in Summonings
 40041 | Swamp:3  | Reached skill level 16 in Necromancy
 40041 | Swamp:3  | Reached skill level 16 in Translocations
 40041 | Swamp:3  | Reached skill level 16 in Fire Magic
 40041 | Swamp:3  | Reached skill level 16 in Ice Magic
 40041 | Swamp:3  | Reached skill level 16 in Air Magic
 40041 | Swamp:3  | Reached skill level 16 in Earth Magic
 40041 | Swamp:3  | Reached skill level 16 in Alchemy
 40274 | Swamp:4  | Entered Level 4 of the Swamp
 40295 | Swamp:4  | Reached skill level 21 in Spellcasting
 40301 | Swamp:4  | Noticed Mara
 40314 | Swamp:4  | Noticed MackTheKnife's illusion
 40621 | Swamp:4  | Killed Mara
 40875 | Swamp:4  | Reached XP level 21. HP: 167/168 MP: 0/0
 40875 | Swamp:4  | Learned a level 7 spell: Enfeeble
 40989 | Swamp:4  | Noticed the 27-headed Lernaean hydra
 41006 | Swamp:4  | Killed the 27-headed Lernaean hydra
 41119 | Swamp:4  | Reached skill level 13 in Dodging
 41182 | Swamp:4  | Got a decaying rune of Zot
 41793 | Elf:1    | Entered Level 1 of the Elven Halls
 41980 | Elf:1    | Identified the +11 hand axe "Impbane" {flame, Dex+3}
 42019 | Elf:1    | Paralysed by an air elemental for 1 turns
 42032 | Elf:1    | Noticed Agnes
 42034 | Elf:1    | Killed Agnes
 42045 | Elf:1    | Reached skill level 14 in Dodging
 43011 | Elf:2    | Reached skill level 15 in Dodging
 43019 | Elf:2    | Bought a scroll of blinking for 157 gold pieces
 43689 | Elf:2    | Found a runed translucent gate.
 43709 | Elf:2    | Found a runed translucent gate.
 43709 | Elf:2    | Found a runed translucent gate.
 44187 | Elf:3    | Entered Level 3 of the Elven Halls
 44527 | Elf:3    | Reached skill level 16 in Dodging
 45307 | Elf:3    | Reached skill level 17 in Dodging
 45307 | Elf:3    | Reached XP level 22. HP: 131/174 MP: 0/0
 45663 | Elf:3    | Identified the ring "Ivumoev" {Fire Int+3}
 45761 | Elf:3    | Identified the +3 long sword "Fupnik" {protect, rN++ Int+5}
 45765 | Elf:3    | Identified the amulet "Exarow" {RegenMP Will+ Dex+4}
 45771 | Elf:3    | Reached skill level 18 in Dodging
 45918 | Elf:3    | Identified the +0 scale mail "Janehaq" {Harm Will+}
 45921 | Elf:3    | Identified the staff of Imminent Death {rF+ Int-5 Necro
                  | Earth}
 45947 | Elf:3    | Identified the +3 arbalest "Ehaotac" {penet, rN+ Stlth+}
 46771 | Vaults:1 | Entered Level 1 of the Vaults
 46805 | Vaults:1 | Found Qaon's Weapon Shoppe.
 46888 | Vaults:1 | Found a magical portal.
 46897 | WizLab   | Entered Cigotuvi's Fleshworks
 47151 | WizLab   | magus.rc [v1.9.6]
 47295 | WizLab   | Reached skill level 19 in Dodging
 47506 | WizLab   | Found the +4 Cigotuvi's embrace {Corpsefed rMiasma ^Drain
                  | rN+}
 47595 | WizLab   | Identified the serpent talisman of Ynoqias {*Slow Int+6
                  | Slay+5}
 48208 | WizLab   | Gained mutation: You are agile. (Dex +4, Str/Int -1)
                  | [potion of mutation]
 48208 | WizLab   | Lost mutation: You are agile. (Dex +4, Str/Int -1) [potion
                  | of mutation]
 48208 | WizLab   | Gained mutation: You are resistant to electric shocks.
                  | (rElec) [potion of mutation]
 48209 | WizLab   | Lost mutation: You are resistant to electric shocks.
                  | (rElec) [potion of mutation]
 48209 | WizLab   | Gained mutation: Your flesh is almost immune to the effects
                  | of heat. (rF+++) [potion of mutation]
 48209 | WizLab   | Gained mutation: You are agile. (Dex +4, Str/Int -1)
                  | [potion of mutation]
 48209 | WizLab   | Gained mutation: Armour fits poorly on your strangely
                  | shaped body. [potion of mutation]
 48210 | WizLab   | Lost mutation: Your flesh is almost immune to the effects
                  | of heat. (rF+++) [potion of mutation]
 48210 | WizLab   | Lost mutation: Armour fits poorly on your strangely shaped
                  | body. [potion of mutation]
 48210 | WizLab   | Gained mutation: You are strong-willed. (Will+) [potion of
                  | mutation]
 48210 | WizLab   | Lost mutation: You are strong-willed. (Will+) [potion of
                  | mutation]
 48210 | WizLab   | Gained mutation: You are resistant to electric shocks.
                  | (rElec) [potion of mutation]
 48220 | WizLab   | Lost mutation: You are agile. (Dex +4, Str/Int -1) [potion
                  | of mutation]
 48220 | WizLab   | Lost mutation: You are resistant to electric shocks.
                  | (rElec) [potion of mutation]
 48220 | WizLab   | Gained mutation: You have hidden genetic defects. [potion
                  | of mutation]
 48220 | WizLab   | Gained mutation: You expend health (3 HP) to strengthen
                  | your wands. [potion of mutation]
 48221 | WizLab   | Lost mutation: You have hidden genetic defects. [potion of
                  | mutation]
 48221 | WizLab   | Lost mutation: You expend health (3 HP) to strengthen your
                  | wands. [potion of mutation]
 48221 | WizLab   | Gained mutation: You are agile. (Dex +4, Str/Int -1)
                  | [potion of mutation]
 48221 | WizLab   | Gained mutation: You are robust. (+10% HP) [potion of
                  | mutation]
 48270 | Vaults:1 | Reached skill level 20 in Dodging
 48616 | Vaults:1 | Reached XP level 23. HP: 200/200 MP: 0/0
 48616 | Vaults:1 | Learned a level 7 spell: Summon Hydra
 48646 | Vaults:1 | Identified the +4 great sword "Fatoipil" {heavy, rF+ rC+
                  | Str+2}
 48842 | Vaults:1 | Reached skill level 21 in Fighting
 49834 | Vaults:2 | Identified the ring "Fajuf" {rF+ Int+4}
 49900 | Vaults:2 | Found a large runed translucent door.
 49900 | Vaults:2 | Noticed Fauhuump's ghost (adept TeAE)
 49901 | Vaults:2 | Found a large runed translucent door.
 49909 | Vaults:2 | Reached skill level 22 in Fighting
 50240 | Vaults:2 | Identified the +2 leather armour "Suryso Meecw" {+Inv
                  | Regen+}
 50814 | Vaults:3 | Noticed Mennas
 51309 | Vaults:3 | Found a staircase to the Crypt.
 51596 | Vaults:3 | Reached skill level 23 in Fighting
 51716 | Vaults:3 | Found Daisa's Assorted Antiques.
 51782 | Vaults:3 | Bought a potion of haste for 420 gold pieces
 52178 | Vaults:3 | magus.rc [v1.9.6]
 52578 | Vaults:4 | Reached XP level 24. HP: 215/215 MP: 0/0
 52991 | Vaults:4 | Reached skill level 24 in Fighting
 53933 | Depths:1 | Entered Level 1 of the Depths
 54345 | Depths:1 | Found a gateway to Hell.
 54713 | Depths:1 | Identified the +1 leather armour of Farfalle {^Drain rCorr
                  | Str+4 Dex+3}
 54915 | Depths:1 | Found a one-way gate to the infinite horrors of the Abyss.
 54996 | Depths:1 | Found an ornate altar of the Wu Jian Council.
 55136 | Depths:2 | Reached skill level 25 in Fighting
 55288 | Depths:2 | Found Fonitipt's Distillery.
 55296 | Depths:2 | Bought a potion of haste for 220 gold pieces
 55296 | Depths:2 | Bought a potion of cancellation for 176 gold pieces
 55296 | Depths:2 | Bought a potion of invisibility for 176 gold pieces
 55296 | Depths:2 | Bought a potion of brilliance for 88 gold pieces
 55496 | Depths:2 | a necromancer comes into view. It is wielding a +0 dagger
                  | and wearing the +3 robe of Clouds {*Thunder rCloud rElec}.
 55553 | Depths:2 | Noticed a caustic shrike
 55557 | Depths:2 | Killed a caustic shrike
 55558 | Depths:2 | Reached XP level 25. HP: 231/231 MP: 0/0
 55558 | Depths:2 | Learned a level 9 spell: Death's Door
 55572 | Depths:2 | Noticed a caustic shrike
 55581 | Depths:2 | Noticed a juggernaut
 55581 | Depths:2 | Noticed a caustic shrike
 55587 | Depths:2 | Killed a caustic shrike
 55587 | Depths:2 | Killed a caustic shrike
 55588 | Depths:2 | Killed a juggernaut
 55591 | Depths:2 | Reached skill level 26 in Fighting
 55606 | Depths:2 | Noticed a caustic shrike
 55609 | Depths:2 | Killed a caustic shrike
 55774 | Depths:2 | Noticed a juggernaut
 55778 | Depths:2 | Killed a juggernaut
 55978 | Depths:2 | Noticed a caustic shrike
 55984 | Depths:2 | Killed a caustic shrike
 56185 | Depths:2 | Found a sparkling altar of Nemelex Xobeh.
 56880 | Depths:2 | Found a one-way gate leading to the halls of Pandemonium.
 57257 | Depths:3 | Reached skill level 27 in Fighting
 57272 | Depths:3 | Reached skill level 22 in Spellcasting
 57896 | Depths:2 | magus.rc [v1.9.6]
 57901 | Depths:3 | Reached skill level 17 in Conjurations
 57901 | Depths:3 | Reached skill level 17 in Hexes
 57901 | Depths:3 | Reached skill level 17 in Summonings
 57901 | Depths:3 | Reached skill level 17 in Necromancy
 57901 | Depths:3 | Reached skill level 17 in Translocations
 57901 | Depths:3 | Reached skill level 17 in Fire Magic
 57901 | Depths:3 | Reached skill level 17 in Ice Magic
 57901 | Depths:3 | Reached skill level 17 in Air Magic
 57901 | Depths:3 | Reached skill level 17 in Earth Magic
 57901 | Depths:3 | Reached skill level 17 in Alchemy
 59598 | Depths:4 | Entered Level 4 of the Depths
 59756 | Depths:4 | Reached skill level 23 in Spellcasting
 59785 | Depths:4 | Reached XP level 26. HP: 243/243 MP: 0/0
 59795 | Depths:4 | Noticed Xtahua
 59808 | Depths:4 | Killed Xtahua
 59936 | Depths:4 | Identified the +1 robe of the Playwright {Harm Dex+4}
 59970 | Depths:4 | Found a one-way gateway to a ziggurat.
 59996 | Depths:4 | Reached skill level 18 in Conjurations
 59996 | Depths:4 | Reached skill level 18 in Hexes
 59996 | Depths:4 | Reached skill level 18 in Summonings
 59996 | Depths:4 | Reached skill level 18 in Necromancy
 59996 | Depths:4 | Reached skill level 18 in Translocations
 59996 | Depths:4 | Reached skill level 18 in Fire Magic
 59996 | Depths:4 | Reached skill level 18 in Ice Magic
 59996 | Depths:4 | Reached skill level 18 in Air Magic
 59996 | Depths:4 | Reached skill level 18 in Earth Magic
 59996 | Depths:4 | Reached skill level 18 in Alchemy
 60428 | Depths:4 | Found a gate to the Realm of Zot.
 60517 | Depths:4 | Reached skill level 24 in Spellcasting
 61127 | D:10     | You paid a toll of 4 potions of resistance to enter a
                  | treasure trove
 61128 | Trove    | Entered a treasure trove
 61145 | Trove    | Identified the amulet of Idof {Rampage Will- Regen+ Int-5
                  | Slay+5}
 61152 | Trove    | Identified the amulet "Lyech" {Acrobat Rampage Will+}
 61170 | Trove    | Found the +0 mask of the Dragon {Will+ Slay+3 SInv}
 61173 | Trove    | Identified the +1 leather armour of Duty {rC++ Slay+3}
 61546 | Vaults:5 | Entered Level 5 of the Vaults
 61631 | Vaults:5 | Reached skill level 25 in Spellcasting
 61631 | Vaults:5 | Reached skill level 19 in Conjurations
 61631 | Vaults:5 | Reached skill level 19 in Hexes
 61631 | Vaults:5 | Reached skill level 19 in Summonings
 61631 | Vaults:5 | Reached skill level 19 in Necromancy
 61631 | Vaults:5 | Reached skill level 19 in Translocations
 61631 | Vaults:5 | Reached skill level 19 in Fire Magic
 61631 | Vaults:5 | Reached skill level 19 in Ice Magic
 61631 | Vaults:5 | Reached skill level 19 in Air Magic
 61631 | Vaults:5 | Reached skill level 19 in Earth Magic
 61631 | Vaults:5 | Reached skill level 19 in Alchemy
 61849 | Vaults:5 | Identified the +6 falchion "Jontiom" {flame, rPois Int+2
                  | Dex+2}
 61849 | Vaults:5 | Identified +0 pearl dragon scales
 61878 | Vaults:5 | H - +0 pearl dragon scales {rare=g}
 61890 | Vaults:5 | Identified the ring "Sunteane" {Str+6 Int+2}
 61903 | Vaults:5 | Identified the +2 halberd "Imp's Nightmare" {speed, rElec
                  | Dex+3}
 61908 | Vaults:5 | Reached skill level 26 in Spellcasting
 61919 | Vaults:5 | Identified the +6 halberd "Bafrukow" {flame, Dex+2}
 61928 | Vaults:5 | Reached skill level 20 in Conjurations
 61928 | Vaults:5 | Reached skill level 20 in Hexes
 61928 | Vaults:5 | Reached skill level 20 in Summonings
 61928 | Vaults:5 | Reached skill level 20 in Necromancy
 61928 | Vaults:5 | Reached skill level 20 in Translocations
 61928 | Vaults:5 | Reached skill level 20 in Fire Magic
 61928 | Vaults:5 | Reached skill level 20 in Ice Magic
 61928 | Vaults:5 | Reached skill level 20 in Air Magic
 61928 | Vaults:5 | Reached skill level 20 in Earth Magic
 61928 | Vaults:5 | Reached skill level 20 in Alchemy
 61939 | Vaults:5 | Identified the +10 whip of Symmetry {freeze, rN+}
 61969 | Vaults:5 | Reached XP level 27. HP: 230/250 MP: 0/0
 61969 | Vaults:5 | Learned a level 9 spell: Chain Lightning
 62011 | Vaults:5 | You drop +0 pearl dragon scales {rare=g}.
 62013 | Vaults:5 | H - +0 pearl dragon scales {rare=g}
 62351 | Vaults:5 | Identified the staff "Cuasyom" {rElec rF- rC+++ Dex+3 SInv
                  | Air}
 62360 | Vaults:5 | Identified the +8 quarterstaff of Laen Pocwo {chaos, Str-4
                  | Int+3 Dex+2}
 62618 | Vaults:5 | Got a silver rune of Zot
 62817 | Vaults:5 | Noticed a dread lich
 62823 | Vaults:5 | Killed a dread lich
 63044 | Vaults:5 | Bought a brightly glowing ring mail for 450 gold pieces
 63044 | Vaults:5 | Identified the +1 ring mail of Satisfaction {rPois} (You
                  | bought it in a shop on level 5 of the Vaults)
 63315 | Zot:1    | Entered Level 1 of the Realm of Zot
 63432 | Zot:1    | magus.rc [v1.9.6]
 63541 | Zot:1    | Reached skill level 27 in Spellcasting
 63684 | Zot:1    | magus.rc [v1.9.6]
 64013 | Zot:2    | Reached skill level 21 in Conjurations
 64013 | Zot:2    | Reached skill level 21 in Hexes
 64013 | Zot:2    | Reached skill level 21 in Summonings
 64013 | Zot:2    | Reached skill level 21 in Necromancy
 64013 | Zot:2    | Reached skill level 21 in Translocations
 64013 | Zot:2    | Reached skill level 21 in Fire Magic
 64013 | Zot:2    | Reached skill level 21 in Ice Magic
 64013 | Zot:2    | Reached skill level 21 in Air Magic
 64013 | Zot:2    | Reached skill level 21 in Earth Magic
 64013 | Zot:2    | Reached skill level 21 in Alchemy
 64015 | Zot:2    | magus.rc [v1.9.6]
 64421 | Zot:3    | You are sucked into a shaft and drop 1 floor!
 64593 | Zot:5    | Entered Level 5 of the Realm of Zot
 64729 | Zot:5    | Noticed an ancient lich
 64729 | Zot:5    | Noticed an orb of fire
 64732 | Zot:5    | Got the Orb of Zot
 64746 | Zot:5    | Killed an orb of fire
 64781 | Zot:5    | Gained mutation: You occasionally lose the ability to read
                  | scrolls when taking damage. [a cacodemon]
 64783 | Zot:4    | Lost mutation: You are agile. (Dex +4, Str/Int -1) [potion
                  | of mutation]
 64783 | Zot:4    | Lost mutation: You are robust. (+10% HP) [potion of
                  | mutation]
 64783 | Zot:4    | Gained mutation: You expend health (3 HP) to strengthen
                  | your wands. [potion of mutation]
 64783 | Zot:4    | Gained mutation: You have hidden genetic defects. [potion
                  | of mutation]
 64784 | Zot:4    | Lost mutation: You have hidden genetic defects. [potion of
                  | mutation]
 64784 | Zot:4    | Lost mutation: You occasionally lose the ability to read
                  | scrolls when taking damage. [potion of mutation]
 64784 | Zot:4    | Gained mutation: You have a beak for a mouth. [potion of
                  | mutation]
 64784 | Zot:4    | Gained mutation: You are somewhat resistant to further
                  | mutation. [potion of mutation]
 64784 | Zot:4    | Gained mutation: A frigid envelope surrounds you and
                  | freezes all who hurt you. [potion of mutation]
 64840 | Zot:2    | Reached skill level 22 in Conjurations
 64840 | Zot:2    | Reached skill level 22 in Hexes
 64840 | Zot:2    | Reached skill level 22 in Summonings
 64840 | Zot:2    | Reached skill level 22 in Necromancy
 64840 | Zot:2    | Reached skill level 22 in Translocations
 64840 | Zot:2    | Reached skill level 22 in Fire Magic
 64840 | Zot:2    | Reached skill level 22 in Ice Magic
 64840 | Zot:2    | Reached skill level 22 in Air Magic
 64840 | Zot:2    | Reached skill level 22 in Earth Magic
 64840 | Zot:2    | Reached skill level 22 in Alchemy
 64963 | Depths:3 | Identified +1 pearl dragon scales
 64963 | Depths:3 | Noticed a seraph
 65309 | D:3      | Noticed Saleanta the pandemonium lord
 65377 | D:$      | Escaped with the Orb!

Vanquished Creatures
  A dread lich (Vaults:5)
  2 juggernauts (Depths:2)
  Xtahua (Depths:4)
  the Lernaean hydra (Swamp:4)
  Vashnia (Snake:2)
  5 caustic shrikes (Depths:2)
  A mutant beast (WizLab)
  4 golden dragons
  Nikola (Snake:1)
  A Tzitzimitl (Zot:5)
  14 tentacled monstrosities
  4 liches
  4 titans
  3 Orb Guardians
  3 deep elf blademasters (Elf:3)
  A walking divine tome (Depths:2)
  4 quicksilver dragons
  2 deep elf master archers (Elf:3)
  6 sphinxes
  An ancient champion (Vaults:3)
  10 storm dragons
  2 death cobs
  6 tengu reavers
  A thorn hunter (Swamp:1)
  Donald (Snake:1)
  16 shadow dragons
  Roxanne (Snake:2)
  Kirke (Lair:4)
  Agnes (Elf:1)
  17 nagarajas
  Aizul (Snake:3)
  A fenstrider witch (Swamp:4)
  An azure jelly (IceCv)
  A draconian monk (Zot:2)
  A protean progenitor (Zot:2)
  A draconian knight (Zot:5)
  4 draconian shifters
  6 fire giants
  3 draconian scorchers
  6 deep elf sorcerers
  17 vault wardens
  16 frost giants
  2 iron dragons (Vaults:5)
  3 balrugs
  An angel (Depths:2)
  A reaper (Depths:4)
  3 deep elf elementalists
  4 spectral caustic shrikes (Depths:1)
  2 draconian stormcallers
  A cacodemon (D:15)
  5 orc warlords
  15 very ugly things
  3 formless jellyfish
  A demonspawn corrupter (D:15)
  12 ironbound thunderhulks
  18 ironbound preservers
  3 quicksilver oozes (IceCv)
  26 stone giants
  Nessos (D:14)
  A spriggan defender (Depths:2)
  A deep elf demonologist (Elf:3)
  3 green draconians
  6 deep elf death magi
  A demonspawn black sun (D:15)
  6 black draconians
  9 white draconians
  11 dire elephants
  7 eleionomae
  2 vampire knights
  14 deep elf annihilators
  8 war gargoyles
  4 spark wasps (Depths:1)
  5 bunyips
  5 yellow draconians
  A purple draconian (Zot:3)
  Azrael (Snake:2)
  2 red draconians
  A minotaur (Gauntlet)
  13 ettins
  A crystal guardian (Vaults:4)
  2 shambling mangroves
  5 deep elf high priests
  8 fire dragons
  2 entropy weavers
  A great orb of eyes (Vaults:4)
  25 hydras
  7 yaktaur captains
  2 rakshasas
  6 ice dragons
  40 vault guards
  10 spriggan air magi
  A peacekeeper (Vaults:4)
  23 centaur warriors
  A merfolk avatar (Swamp:2)
  6 boulder beetles
  A two-headed ogre (shapeshifter) (Depths:2)
  6 radroaches (WizLab)
  4 ironbound frosthearts
  A death knight (D:14)
  14 anacondas
  10 alligators
  7 catoblepae
  An ogre mage (Vaults:5)
  3 two-headed ogres
  15 naga warriors
  9 hell hogs
  5 tengu warriors
  A vampire mage (Depths:1)
  20 dancing weapons
  9 deep troll shamans
  11 death yaks (Lair:5)
  9 deep troll earth magi
  3 orc high priests
  An occultist (Depths:1)
  5 spriggan berserkers
  Urug (D:10)
  2 shock serpents (shapeshifter)
  11 deep elf knights
  15 shock serpents
  5 soul eaters
  24 naga sharpshooters
  8 hell knights
  6 sun demons
  2 skysharks (Lair:5)
  2 skysharks (shapeshifter) (WizLab)
  8 iron trolls
  A fire crab (Lair:4)
  2 goliath frogs
  Lodul (D:14)
  2 skeletal warriors
  A sixfirhy (Zot:2)
  A glowing orange brain (shapeshifter) (Vaults:1)
  5 salamander mystics
  3 orb spiders (shapeshifter)
  8 arcanists
  A glowing orange brain (Vaults:3)
  8 sea snakes (Snake:1)
  47 deep trolls
  13 deep elf archers
  A flayed ghost (Depths:2)
  2 bog bodies (Swamp:1)
  A swamp dragon (shapeshifter) (Depths:2)
  13 swamp dragons
  12 ironbound convokers
  6 naga ritualists
  An eye of devastation (shapeshifter) (Vaults:4)
  15 mana vipers
  A lindwurm (shapeshifter) (WizLab)
  8 necromancers
  8 lindwurms
  16 orc knights
  7 phantasmal warriors
  A steelbarb worm (shapeshifter) (WizLab)
  4 will-o-the-wisps
  18 deep elf zephyrmancers
  A shining eye (shapeshifter) (WizLab)
  35 ugly things
  21 deep elf pyromancers
  8 manticores
  3 fauns (shapeshifter) (WizLab)
  An oklob plant (Lair:5)
  6 orc sorcerers
  21 salamanders
  2 manticores (shapeshifter)
  A moth of wrath (shapeshifter) (WizLab)
  8 cyclopes
  3 meliai (D:15)
  14 vault sentinels
  13 elephants
  A kobold blastminer (Orc:1)
  7 large abominations (WizLab)
  3 gargoyles
  13 moths of wrath
  12 cane toads
  3 ice statues (IceCv)
  A water nymph (shapeshifter) (Vaults:5)
  11 guardian serpents
  45 black mambas
  A torpor snail (Lair:5)
  2 smoke demons
  16 naga magi
  A komodo dragon (shapeshifter) (D:14)
  3 unseen horrors
  3 freezing wraiths
  16 komodo dragons
  21 yaktaurs
  An ice devil (Zot:2)
  6 kobold demonologists
  4 rime drakes
  2 tengu conjurers
  A yaktaur (shapeshifter) (Elf:2)
  Psyche (D:10)
  A wind drake (shapeshifter) (Vaults:5)
  5 bloated husks
  2 merfolk (shapeshifter)
  13 hornets
  A queen bee (shapeshifter) (WizLab)
  9 trolls
  18 blink frogs
  A polar bear (Lair:4)
  A tarantella (shapeshifter) (D:9)
  10 tyrant leeches
  5 dream sheep (Lair:3)
  A glass eye (shapeshifter) (WizLab)
  5 glass eyes
  58 slime creatures
  A snapping turtle (shapeshifter) (Depths:2)
  A jumping spider (Zot:2)
  A vampire (D:9)
  2 air elementals (Elf:1)
  41 yaks
  A yak (shapeshifter) (WizLab)
  A spriggan (shapeshifter) (D:15)
  12 water elementals
  3 shadows
  4 humans (Lair:4)
  6 wraiths
  A wyvern (shapeshifter) (D:14)
  A fire bat (shapeshifter) (WizLab)
  10 spriggans
  5 wyverns
  3 fire bats (Gauntlet)
  2 unseen horror simulacra (D:9)
  5 basilisks
  3 wargs
  A fire elemental (Snake:2)
  3 hogs (Lair:4)
  An iron golem (WizLab)
  15 vampire mosquitoes
  Grum (D:10)
  4 swamp worms (shapeshifter) (WizLab)
  26 water moccasins
  A death yak simulacrum (Lair:3)
  20 swamp worms
  A chaos spawn (D:3)
  A great orb of eyes simulacrum (IceCv)
  40 nagas
  4 acid dragons
  5 hell hounds
  34 orc warriors
  8 swamp drakes (Swamp:4)
  6 ice beasts
  2 sky beasts
  A black bear (D:6)
  4 laughing skulls
  17 ogres
  6 small abominations (WizLab)
  7 wolves
  9 centaurs
  A slime creature simulacrum (IceCv)
  10 kobold brigands
  A phantom (D:4)
  9 bullfrogs
  3 scorpions (D:5)
  2 earth elementals
  6 gnoll sergeants
  A cane toad simulacrum (Lair:3)
  6 wights
  3 glowing shapeshifter simulacra (IceCv)
  2 hornet simulacra (D:9)
  3 killer bees (D:9)
  An elephant simulacrum (Lair:3)
  4 howler monkeys
  5 electric eels
  2 bombardier beetles
  4 hounds
  7 jellies
  2 sleepcaps
  40 orc priests
  Jessica (D:2)
  Terence (D:2)
  3 iguanas
  40 orc wizards
  4 shapeshifter simulacra (IceCv)
  4 centaur simulacra
  A boggart simulacrum (D:15)
  18 gnolls
  8 adders
  3 white imps
  A howler monkey simulacrum (D:10)
  3 ufetubi
  3 dart slugs (D:1)
  83 orcs
  5 ball pythons
  6 endoplasms
  3 giant cockroaches
  17 goblins
  11 hobgoblins
  3 jackals (D:1)
  7 quokkas
  2 bats (D:3)
  A frilled lizard (D:1)
  26 kobolds
  9 rats
  3 aspiring fleshes (Zot:2)
  A butterfly (D:6)
2082 creatures vanquished.

Vanquished Creatures (collateral kills)
  Mara (Swamp:4)
  Saint Roka (Snake:3)
  An Orb Guardian (Zot:5)
  Rupert (Snake:1)
  A red draconian (Depths:4)
  A soul eater (Depths:3)
  A naga ritualist (Snake:3)
  An ugly thing (D:9)
  2 black mambas (Snake:2)
  2 slime creatures (IceCv)
  A wyvern (D:7)
  2 nagas (Snake:3)
  An orc warrior (Snake:3)
  A sky beast (D:7)
  A bullfrog (Lair:2)
18 creatures vanquished.

Vanquished Creatures (others)
  An orb of fire (Zot:5)
  An ancient lich (Zot:5)
  A tentacled monstrosity (Zot:5)
  10 Orb Guardians (Zot:5)
  A storm dragon (Zot:5)
  A yellow draconian (Zot:5)
  A peacekeeper (Vaults:4)
  4 moths of wrath (Zot:5)
  A shadow (D:10)
  An orc wizard (D:11)
  2 foxfires (Swamp:3)
24 creatures vanquished.

Grand Total: 2124 creatures vanquished

Table legend:
 A = Non-vault XP
 B = Vault XP
 C = Vault XP percentage of total XP
 D = Non-vault monster count
 E = Vault monster count
 F = Vault count percentage of total count
                 A         B        C        D         E       F
            +---------+---------+-------+---------+---------+-------
      Total |  543824 |  630976 |  53.7 |    1173 |     908 |  43.6
            +---------+---------+-------+---------+---------+-------
        D:1 |      65 |       0 |   0.0 |      27 |       0 |   0.0
        D:2 |      39 |      73 |  65.2 |      16 |       2 |  11.1
        D:3 |     204 |       2 |   1.0 |      20 |       2 |   9.1
        D:4 |     433 |       0 |   0.0 |      27 |       0 |   0.0
        D:5 |    1040 |       0 |   0.0 |      24 |       0 |   0.0
        D:6 |     757 |     163 |  17.7 |      23 |       1 |   4.2
        D:7 |     998 |       0 |   0.0 |      11 |       0 |   0.0
        D:8 |    1075 |     561 |  34.3 |      19 |       2 |   9.5
        D:9 |     736 |    7075 |  90.6 |       7 |      28 |  80.0
       D:10 |     619 |    9495 |  93.9 |       9 |      22 |  71.0
       D:11 |    3309 |    1321 |  28.5 |      23 |      18 |  43.9
       D:12 |    5029 |       0 |   0.0 |      29 |       0 |   0.0
       D:13 |    6576 |       0 |   0.0 |      21 |       0 |   0.0
       D:14 |    4744 |   29863 |  86.3 |      10 |      57 |  85.1
       D:15 |    9639 |    3653 |  27.5 |      21 |       5 |  19.2
     Lair:1 |    7003 |       0 |   0.0 |      21 |       0 |   0.0
     Lair:2 |    6957 |    4439 |  39.0 |      24 |      11 |  31.4
     Lair:3 |    7483 |     310 |   4.0 |      22 |       3 |  12.0
     Lair:4 |   11041 |    1983 |  15.2 |      38 |       4 |   9.5
     Lair:5 |   15176 |   13635 |  47.3 |      43 |      26 |  37.7
    Swamp:1 |   11777 |       0 |   0.0 |      30 |       0 |   0.0
    Swamp:2 |   13482 |       0 |   0.0 |      22 |       0 |   0.0
    Swamp:3 |   18523 |       0 |   0.0 |      34 |       0 |   0.0
    Swamp:4 |   10918 |   22208 |  67.0 |      20 |      28 |  58.3
    Snake:1 |   22647 |   40950 |  64.4 |      42 |      60 |  58.8
    Snake:2 |   15795 |   12308 |  43.8 |      34 |      16 |  32.0
    Snake:3 |   19535 |    5214 |  21.1 |      39 |      12 |  23.5
    Snake:4 |   16567 |   33403 |  66.8 |      32 |      40 |  55.6
      Orc:1 |    4423 |       0 |   0.0 |      40 |       0 |   0.0
      Orc:2 |    3496 |    6044 |  63.4 |      42 |      55 |  56.7
      Elf:1 |   22451 |    9330 |  29.4 |      34 |      12 |  26.1
      Elf:2 |   10490 |    2480 |  19.1 |      18 |       3 |  14.3
      Elf:3 |   18603 |   32382 |  63.5 |      28 |      28 |  50.0
   Vaults:1 |   32376 |   31889 |  49.6 |      52 |      42 |  44.7
   Vaults:2 |   25148 |   14349 |  36.3 |      32 |      18 |  36.0
   Vaults:3 |   13380 |   19871 |  59.8 |      21 |      27 |  56.2
   Vaults:4 |   10485 |   29856 |  74.0 |      14 |      34 |  70.8
   Vaults:5 |   10398 |  103926 |  90.9 |      17 |      96 |  85.0
   Depths:1 |   33537 |    4751 |  12.4 |      41 |       4 |   8.9
   Depths:2 |   11968 |   82615 |  87.3 |      14 |      71 |  83.5
   Depths:3 |   34123 |   17135 |  33.4 |      37 |      19 |  33.9
   Depths:4 |   27260 |   17445 |  39.0 |      29 |      15 |  34.1
      Zot:1 |   17263 |    5776 |  25.1 |      14 |       4 |  22.2
      Zot:2 |   25962 |   13670 |  34.5 |      21 |      12 |  36.4
      Zot:3 |    4493 |       0 |   0.0 |       4 |       0 |   0.0
      Zot:4 |    9153 |       0 |   0.0 |       8 |       0 |   0.0
      Zot:5 |   15079 |    4797 |  24.1 |      15 |       3 |  16.7
     Bailey |       0 |     972 | 100.0 |       0 |      25 | 100.0
      IceCv |     900 |   10820 |  92.3 |       2 |      34 |  94.4
     WizLab |       0 |   31742 | 100.0 |       0 |      56 | 100.0
   Gauntlet |     669 |    4470 |  87.0 |       2 |      13 |  86.7
            +---------+---------+-------+---------+---------+-------

Skill      XL: |  1  2  3  4  5  6  7  8  9 10 11 12 13 14 15 16 17 18 19 20 21 22 23 24 25 26 27 |
---------------+----------------------------------------------------------------------------------+-----
Spellcasting   | 4 5 6 7 10 11 16 19 21 23 26 27 | 27.0
Conjurations   | 4 5 6 7 9 12 15 16 17 20 22 | 22.2
Hexes          | 4 5 6 7 9 12 15 16 17 20 22 | 22.2
Summonings     | 4 5 6 7 9 12 15 16 17 20 22 | 22.2
Necromancy     | 4 5 6 7 9 12 15 16 17 20 22 | 22.2
Translocations | 4 5 6 7 9 12 15 16 17 20 22 | 22.2
Fire Magic     | 4 5 6 7 9 12 15 16 17 20 22 | 22.2
Ice Magic      | 4 5 6 7 9 12 15 16 17 20 22 | 22.2
Air Magic      | 4 5 6 7 9 12 15 16 17 20 22 | 22.2
Earth Magic    | 4 5 6 7 9 12 15 16 17 20 22 | 22.2
Alchemy        | 4 5 6 7 9 12 15 16 17 20 22 | 22.2
Fighting       | 2 6 8 10 14 15 16 19 20 23 25 27 | 27.0
Shields        | 5 8 |  8.0
Dodging        | 4 8 10 12 17 20 | 20.0
Evocations     | 6 |  6.0
Staves         | 5 10 12 | 12.0
Shapeshifting  | 8 10 | 10.0
Stealth        | |  1.5

Action                     |  1- 3 |  4- 6 |  7- 9 | 10-12 | 13-15 | 16-18 | 19-21 | 22-24 | 25-27 || total
---------------------------+-------+-------+-------+-------+-------+-------+-------+-------+-------++-------
  Melee: Dagger            |       |    18 |       |       |       |       |       |       |       ||    18
         Hand axe          |       |    15 |    86 |       |       |       |       |       |       ||   101
         Bo                |       |       |     8 |   134 |   280 |   234 |    22 |     3 |    82 ||   763
         Maw               |       |       |       |       |       |       |    21 |    10 |    89 ||   120
         Peck              |       |       |       |       |       |       |       |       |     8 ||     8
   Fire: Sling             |    73 |       |       |       |       |       |       |       |       ||    73
   Cast: Sting             |    18 |    46 |     2 |       |       |       |       |       |       ||    66
         Mercury Vapours   |     2 |     2 |       |       |       |       |       |       |       ||     4
         Mephitic Cloud    |       |     1 |       |     7 |     4 |       |       |       |       ||    12
         Olgreb's Toxic Ra |       |     6 |    22 |    50 |    55 |    25 |       |       |       ||   158
         Sticky Flame      |       |     2 |    22 |    62 |    38 |    10 |     3 |       |       ||   137
         Momentum Strike   |       |       |     4 |     2 |       |       |       |       |       ||     6
         Call Canine Famil |       |       |     2 |     2 |     2 |       |       |       |       ||     6
         Necrotise         |       |       |     2 |       |       |       |       |       |       ||     2
         Alistair's Intoxi |       |       |       |     2 |     2 |    23 |       |       |       ||    27
         Lee's Rapid Decon |       |       |       |       |   145 |    92 |    37 |     9 |    10 ||   293
         Starburst         |       |       |       |       |    61 |   302 |    33 |       |    19 ||   415
         Death Channel     |       |       |       |       |       |     3 |       |       |       ||     3
         Plasma Beam       |       |       |       |       |       |       |   538 |   608 |   511 ||  1657
         Enfeeble          |       |       |       |       |       |       |     3 |     1 |     5 ||     9
         Summon Hydra      |       |       |       |       |       |       |       |       |     2 ||     2
         Chain Lightning   |       |       |       |       |       |       |       |       |    71 ||    71
 Invoke: Call Merchant     |       |       |     1 |     1 |     1 |     4 |     2 |       |     1 ||    10
         Potion Petition   |       |       |       |       |       |       |       |       |     1 ||     1
         Bribe Branch      |       |       |       |       |       |       |       |       |     1 ||     1
  Evoke: Wand              |       |       |       |    10 |       |       |     3 |       |     4 ||    17
         Sack of spiders   |       |       |       |       |     1 |     2 |       |       |       ||     3
         Phantom mirror    |       |       |       |       |       |     2 |     1 |       |       ||     3
         Phial of floods   |       |       |       |       |       |     1 |       |       |       ||     1
         Tin of tremorston |       |       |       |       |       |       |     2 |       |       ||     2
    Use: Scroll            |       |     4 |     7 |    11 |     9 |    12 |       |     2 |    15 ||    60
         Potion            |       |       |       |     1 |       |       |       |     6 |     5 ||    12
   Stab: Sleeping          |       |     2 |     5 |     1 |       |     1 |       |       |       ||     9
         Confused          |       |     1 |       |     2 |     1 |     2 |       |       |       ||     6
         Petrified         |       |       |       |     4 |       |       |       |       |       ||     4
         Distracted        |       |       |       |     1 |     5 |     9 |       |       |     3 ||    18
         Held in net/web   |       |       |       |       |       |     1 |       |       |       ||     1
         Invisible         |       |       |       |       |       |       |       |       |    13 ||    13
 Armour: Robe              |    15 |    16 |     7 |       |       |    19 |       |       |       ||    57
         Leather armour    |       |       |    59 |   121 |   153 |   171 |    31 |       |       ||   535
         Skin              |       |       |       |       |       |       |    50 |    37 |    92 ||   179
  Dodge: Dodged            |    27 |    30 |    69 |   137 |   173 |   241 |    93 |    75 |   238 ||  1083
  Block: Buckler           |       |       |    17 |    56 |   128 |   333 |   146 |    87 |   216 ||   983
         Reflection        |       |       |       |       |     3 |    54 |    28 |    32 |    79 ||   196
Riposte: Bo                |       |       |       |       |       |   114 |    38 |    21 |    85 ||   258
   Form: Maw               |       |       |       |       |       |       |     1 |     1 |       ||     2
                           |       |       |       |       |       |       |       |     1 |       ||     1

Illustrated notes

Table legend:
 A = Kills in this place as a percentage of kills in the entire game.
 B = Kills by you in this place as a percentage of kills by you in the entire game.
 C = Kills by friends in this place as a percentage of kills by friends in the entire game.
 D = Other kills in this place as a percentage of other kills in the entire game.
 E = Experience gained in this place as a percentage of experience gained in the entire game.
 F = Experience gained in this place divided by the number of levels of this place that you have seen.
                   A       B       C       D       E      F
               +-------+-------+-------+-------+-------+----------------------
         Total | 100.0 | 100.0 | 100.0 | 100.0 | 100.0 | 22844.4
       Dungeon |  20.7 |  20.5 |  16.7 |  46.2 |   8.0 | 6298.9
          Lair |   9.2 |   9.3 |   5.6 |   0.0 |   5.7 | 13605.4
         Swamp |   6.4 |   6.4 |   5.6 |   0.0 |   6.5 | 19227.0
     Snake Pit |  13.1 |  12.9 |  44.4 |   7.7 |  14.0 | 41604.8
  Orcish Mines |   6.5 |   6.5 |   0.0 |  23.1 |   1.2 | 6981.5
   Elven Halls |   5.9 |   6.0 |   0.0 |   0.0 |   8.1 | 31912.0
        Vaults |  16.8 |  17.1 |   0.0 |   7.7 |  24.6 | 58335.6
        Depths |  11.0 |  11.1 |  11.1 |   0.0 |  19.4 | 57505.0
           Zot |   4.1 |   4.0 |   5.6 |   7.7 |   8.5 | 20220.0
        Bailey |   1.2 |   1.2 |   0.0 |   7.7 |   0.1 | 972.0
      Ice Cave |   1.7 |   1.6 |  11.1 |   0.0 |   1.0 | 11720.0
        Wizlab |   2.7 |   2.7 |   0.0 |   0.0 |   2.7 | 31742.0
      Gauntlet |   0.7 |   0.7 |   0.0 |   0.0 |   0.4 | 5139.0
               +-------+-------+-------+-------+-------+----------------------

Table legend: (Time is in decaauts)
 A = Elapsed time spent in this place.
 B = Non-inter-level travel time spent in this place.
 C = Inter-level travel time spent in this place.
 D = Time resting spent in this place.
 E = Time spent auto-exploring this place.
 F = Levels seen in this place.
 G = Mean time per level.
                   A        B        C        D        E       F      G
               +--------+--------+--------+--------+--------+-----+--------+
         Total |  65331 |  61005 |   4326 |  11920 |  40012 |  52 | 1256.4 |
       Dungeon |  21382 |  19312 |   2070 |   3513 |  13114 |  15 | 1425.5 |
          Lair |   6103 |   5773 |    330 |    704 |   3959 |   5 | 1220.6 |
         Swamp |   3658 |   3533 |    125 |    658 |   2527 |   4 |  914.5 |
     Snake Pit |   7758 |   7400 |    358 |   1962 |   4446 |   4 | 1939.5 |
  Orcish Mines |   1465 |   1288 |    177 |      6 |   1028 |   2 |  732.5 |
   Elven Halls |   4825 |   4671 |    154 |   1163 |   2989 |   3 | 1608.3 |
        Vaults |   7560 |   6998 |    562 |    355 |   5716 |   5 | 1512.0 |
        Depths |   7186 |   6866 |    320 |   1914 |   4147 |   4 | 1796.5 |
           Zot |   1595 |   1369 |    226 |    515 |    401 |   5 |  319.0 |
         Trove |     88 |     88 |      0 |      0 |     17 |   1 |   88.0 |
        Bailey |    472 |    472 |      0 |      8 |    295 |   1 |  472.0 |
      Ice Cave |   1207 |   1207 |      0 |    646 |    261 |   1 | 1207.0 |
        Wizlab |   1357 |   1357 |      0 |    321 |    811 |   1 | 1357.0 |
      Gauntlet |    669 |    669 |      0 |    155 |    300 |   1 |  669.0 |
               +--------+--------+--------+--------+--------+-----+--------+

Top non-repeatable levels by time:
Depths:2: 2891 daAuts
 Snake:2: 2843 daAuts
    D:14: 2706 daAuts
 Snake:1: 2530 daAuts
   Elf:3: 2265 daAuts
    D:10: 2071 daAuts
Depths:3: 2007 daAuts
     D:9: 1981 daAuts
     D:8: 1646 daAuts
Vaults:4: 1629 daAuts
Vaults:2: 1626 daAuts
    D:13: 1603 daAuts
Vaults:5: 1507 daAuts
Vaults:1: 1451 daAuts
    D:15: 1446 daAuts
